 Dungeon Crawl Stone Soup version 0.31.0-9-g3a7656b989 (webtiles) character file.

Game seed: 1041969575473822283

549655 qw the Intangible (level 24, -2/150 HPs)
             Began as a Spriggan Hunter on Feb 2, 2024.
             Was a High Priest of Okawaru.
             Slain by a black draconian
             ... wielding a +0 long sword
             ... led by a black draconian knight
              (31 damage)
             ... on level 1 of the Realm of Zot.
             The game lasted 00:15:33 (41633 turns).

qw the Intangible (Spriggan Hunter)                Turns: 41633, Time: 00:15:34

Health: -2/150     AC:  9    Str: 11    XL:     24   Next: 38%
Magic:  31/31      EV: 66    Int: 12    God:    Okawaru [*****.]
Gold:   5907       SH:  0    Dex: 36    Spells: 23/23 levels left

rFire   + + +        v - +8 hand cannon of Dowdy Purpose {drain, rC++ Str+4}
rCold   + + +        (no shield)
rNeg    + . .        w - +3 troll leather armour {Snorg}
rPois   +            d - +0 hat of Athrim {^Drain rElec rN+ Slay+5}
rElec   +            C - +1 cloak of Feqeam {*Slow rF+++ rC+ Dex+2}
rCorr   +            (gloves unavailable)
SInv    +            (boots unavailable)
Will    ++++.        u - amulet of faith
Stlth   +++          j - ring of Ucierokha {Fly EV+5}
HPRegen 1.25/turn    F - +6 ring of dexterity
MPRegen 0.22/turn

%: slow self (1%), faith
@: about to teleport, resistant, flying, very quick
A: very small, no large weapons, unfitting armour, see invisible, speed 3
}: 3/15 runes: barnacled, silver, gossamer
a: Renounce Religion, Heroism, Finesse, Duel


You were on level 1 of the Realm of Zot.
You worshipped Okawaru.
Okawaru was extremely pleased with you.
You visited 8 branches of the dungeon, and saw 40 of its levels.
You also visited: Gauntlet.

You collected 7242 gold pieces.
You spent 1335 gold pieces at shops.


Innate Abilities, Weirdness & Mutations

You are very small and have problems with some larger weapons.
You are too small for most types of armour.
You have supernaturally acute eyesight. (SInv)
You cover ground extremely quickly. (Speed+++)


   Skills:
 + Level 23.5 Fighting
 - Level 24.0 Ranged Weapons
 - Level 7.0 Armour
 O Level 27 Dodging
 - Level 1.5 Stealth
 - Level 10.0 Invocations


You had 23 spell levels left.
You didn't know any spells.
Your spell library was empty.

Inventory:

Hand Weapons
 v - the +8 hand cannon of Dowdy Purpose (weapon) {drain, rC++ Str+4}
   (Okawaru gifted it to you in a Gauntlet)

   Str+4:     It affects your strength (+4).
   rC++:      It greatly protects you from cold.
Armour
 c - the scarf of the Beekeeper {repulsion, Harm rElec rPois Str-4}
   (You acquired it on level 9 of the Dungeon)

   Str-4:     It affects your strength (-4).
   rElec:     It insulates you from electricity.
   rPois:     It protects you from poison Harm: It increases damage dealt and
   taken.
 d - the +0 hat of Athrim (worn) {^Drain rElec rN+ Slay+5}
   (You acquired it on level 1 of the Dungeon)

   Slay+5:    It affects your accuracy & damage with ranged weapons and melee
   (+5).
   rElec:     It insulates you from electricity.
   rN+:       It protects you from negative energy.
   ^Drain:    It drains your maximum health when unequipped.
 l - a +2 cloak
 t - the +4 skin of Zhor {*Englaciate rC+++ SInv}
   (Okawaru gifted it to you in a Gauntlet)

   *Englaciate: It radiates cold, occasionally slowing all nearby creatures who
   are not resistant to cold.
   rC+++:     It renders you almost immune to cold.
   SInv:      It lets you see invisible.
 w - a +3 troll leather armour (worn) {Snorg}
 C - the +1 cloak of Feqeam (worn) {*Slow rF+++ rC+ Dex+2}
   (You found it on level 4 of the Spider Nest)

   Dex+2:     It affects your dexterity (+2).
   rF+++:     It renders you almost immune to fire.
   rC+:       It protects you from cold.
   *Slow:     It may slow you when you take damage.
Jewellery
 e - an amulet of regeneration
 j - the ring of Ucierokha (left hand) {Fly EV+5}
   (You found it on level 4 of the Shoals)

   [ring of evasion]

   EV+5:      It affects your evasion (+5).
   Fly:       It grants you flight.
 u - an amulet of faith (around neck)
 A - a ring of protection from fire
 F - a +6 ring of dexterity (right hand)
Wands
 g - a wand of iceblast (41)
 o - a wand of charming (11)
 q - a wand of polymorph (25)
 y - a wand of digging (14)
Scrolls
 i - 5 scrolls of teleportation
 k - 12 scrolls of identify
 B - 2 scrolls of brand weapon
 E - 4 scrolls of enchant weapon
Potions
 a - 4 potions of enlightenment
 f - 9 potions of curing
 h - 7 potions of cancellation
 m - 3 potions of mutation
 n - 3 potions of magic
 p - 10 potions of might
 s - 2 potions of resistance
 x - 9 potions of haste
 z - 5 potions of heal wounds

Dungeon Overview and Level Annotations

Branches:
Dungeon (15/15)            Temple (0/1) D:5            Lair (5/5) D:11
 Shoals (4/4) Lair:3       Spider (4/4) Lair:3        Slime (0/5) Lair:4
    Orc (2/2) D:11            Elf (0/3) Orc:2        Vaults (5/5) D:13
  Crypt (0/3) Vaults:3     Depths (4/4) D:15            Zot (1/5) Depths:4
Gauntlet (visited)

Altars:
Cheibriados
Dithmenos
Elyvilon
Fedhas
Hepliaklqana
Kikubaaqudgha
Makhleb
Nemelex Xobeh
Okawaru
Qazlal
Ru
Wu Jian
Xom
Yredelemnul
Zin
The Shining One

Shops:
D:5 *   D:8 (   Orc:2 [((*   Shoals:1 [   Vaults:1 ?   Vaults:4 (

Portals:
Hell: Depths:1 Depths:2 Depths:3 Depths:4
Abyss: Depths:3
Pandemonium: Depths:2
Ziggurat: Depths:4

Annotations:
D:15 3 runed translucent doors, MadAsgardian's ghost, journeyman TrMo; Vochiuc's ghost, adept DEFE; Waecyras's ghost, adept KoGl
Lair:3 2 transporters, qw's ghost, journeyman DjHu
Spider:2 1 runed translucent door, Ikly's ghost, journeyman GrFi
Vaults:2 exclusion: vault sentinel


Message History

You feel much better.
The white draconian stormcaller is engulfed in blazing flames.
You shoot a bolt. The bolt hits the black draconian!
The black draconian is lightly wounded.
The wind drake flaps its wings at you. The air twists around and strikes you!
The wind drake flaps its wings at you. The air twists around and strikes you!
The black draconian knight breathes lightning at you.
The bolt of lightning hits the black draconian.
The black draconian completely resists.
The bolt of lightning misses you.
The black draconian completely misses you.
A death cob comes into view.
The moth of wrath goads the rime drake on!
The rime drake goes berserk!
The moth of wrath goads the black draconian on!
The black draconian goes berserk!
41631 ||| DRINKING 7 potions of heal wounds.
You feel much better.
The black draconian knight completely misses you.
The black draconian completely misses you.
The white draconian stormcaller prays to Qazlal.
A white draconian comes into view. It is wielding a +0 dire flail.
The moth of wrath goads the purple draconian on!
The purple draconian goes berserk!
The black draconian knight completely misses you.
You shoot a bolt. The bolt hits the black draconian!!
The black draconian is moderately wounded.
The black draconian completely misses you.
The rime drake rages.
The black draconian knight hits you from afar with a +1 halberd of flaming!!
The black draconian knight burns you.
The black draconian completely misses you.
The rime drake rages.
The purple draconian rages.
41633 ||| DRINKING 6 potions of heal wounds.
You feel much better.
The black draconian knight hits you from afar with a +1 halberd of flaming!!
The black draconian knight burns you.
The black draconian hits you with a +0 long sword!!
You die...

##########
..........#
....d......#
.#########z#
.#¤¤¤¤~¤~#0#
.#¤¤¤¤¤¤~#@#
.#~~~¤¤¤~#d#
.....~¤¤kqd########
.#....kddqkk......#
.#.....kydkq......#
.....##..kk..#.#..# .
....#.....q..#.#..#..
....###...k...##.....
........>..}.........


You could see a black draconian knight (fast, invisible), a black draconian
(berserk), 3 draconians, a red draconian, a white draconian, a death cob, 2
draconians, a red draconian scorcher, 3 death drakes, 2 wind drakes, 2
lindwurms, a moth of wrath (drained) and 2 rime drakes.

Vanquished Creatures
  A dread lich (Vaults:5)
  Mara (Vaults:3)
  An ancient lich (Vaults:5)
  2 juggernauts (Depths:2)
  Xtahua (Vaults:3)
  Bai Suzhen (Vaults:3)
  3 golden dragons
  Nikola (Shoals:1)
  7 caustic shrikes (Depths:4)
  Norris (Vaults:1)
  A bone dragon (Depths:1)
  Arachne (Spider:2)
  5 tentacled monstrosities
  A walking crystal tome (Depths:3)
  Jorgrun (D:12)
  6 liches
  Rupert (Lair:4)
  Asterion (Spider:1)
  5 titans
  9 sphinxes
  2 quicksilver dragons
  4 tengu reavers
  5 shadow dragons
  6 storm dragons
  Polyphemus (Shoals:4)
  Donald (Vaults:1)
  Roxanne (Shoals:1)
  5 emperor scorpions (Spider:4)
  10 fire giants
  14 frost giants
  22 vault wardens
  An iron dragon (Depths:4)
  A deep elf sorcerer (Vaults:5)
  3 orc warlords
  An angel (Shoals:4)
  27 ironbound preservers
  2 draconian annihilators (Depths:4)
  A spriggan defender (Depths:3)
  2 draconian stormcallers (Depths:4)
  24 stone giants
  8 ghost moths
  A broodmother (Spider:4)
  16 very ugly things
  2 formless jellyfish (Vaults:3)
  9 ironbound thunderhulks
  7 dire elephants (Vaults:2)
  3 vampire knights
  An apis (Shoals:4)
  A deep elf annihilator (Vaults:5)
  2 deep elf death magi (Vaults:5)
  4 black draconians (Depths:4)
  4 war gargoyles
  A minotaur (Gauntlet)
  4 yellow draconians (Depths:4)
  8 spark wasps
  Snorg (Lair:5)
  9 merfolk impalers
  8 merfolk javelineers (Shoals:4)
  23 ettins
  10 fire dragons
  13 yaktaur captains
  A crystal guardian (Vaults:1)
  A deep elf high priest (Vaults:5)
  2 entropy weavers
  A salamander tyrant (Depths:1)
  5 rakshasas
  4 hydras
  9 ice dragons
  35 vault guards
  8 great orbs of eyes
  A hell beast (Depths:1)
  2 jorogumos
  4 peacekeepers
  11 ironbound frosthearts
  3 ogre magi (Vaults:5)
  2 spriggan air magi (Depths:3)
  A merfolk avatar (Shoals:2)
  Erica (D:8)
  19 centaur warriors
  2 alligator snapping turtles
  4 radroaches
  A two-headed ogre (shapeshifter) (Depths:3)
  6 merfolk aquamancers (Shoals:4)
  18 death yaks
  A satyr (Shoals:4)
  A catoblepas (Shoals:4)
  A death scarab (Gauntlet)
  14 boulder beetles
  6 two-headed ogres
  A hell hog (Lair:5)
  11 deep troll earth magi
  7 demonic crawlers
  7 tengu warriors
  7 spriggan berserkers
  A vampire mage (Depths:2)
  11 deep troll shamans
  Urug (Lair:3)
  5 hell knights
  2 occultists
  2 shock serpents (shapeshifter) (Vaults:5)
  8 iron trolls
  Sonja (Lair:1)
  A skyshark (shapeshifter) (Vaults:5)
  2 pharaoh ants
  5 skeletal warriors (D:12)
  12 skysharks
  9 sea snakes
  A death drake (shapeshifter) (Vaults:5)
  2 cherubim (Shoals:4)
  2 flayed ghosts
  2 glowing orange brains (Depths:2)
  9 arcanists
  81 deep trolls
  8 orb spiders
  26 harpies
  8 phantasmal warriors
  9 large abominations
  A lindwurm (shapeshifter) (Vaults:5)
  23 ironbound convokers
  5 necromancers
  10 lindwurms
  8 steelbarb worms
  4 moths of wrath
  8 orc knights
  8 manticores
  A shadow dragon zombie (Vaults:5)
  An eye of devastation (shapeshifter) (Vaults:5)
  A deep elf pyromancer (D:15)
  2 orc sorcerers
  21 wolf spiders
  8 fauns
  18 ugly things
  13 cyclopes
  An oklob plant (Lair:2)
  Maurice (D:8)
  7 kobold blastminers
  An elephant (shapeshifter) (Vaults:5)
  14 vault sentinels
  11 merfolk sirens
  3 human skeletons
  8 elephants
  4 water nymphs
  A guardian serpent (Lair:5)
  17 slime creatures
  6 black mambas
  A stone giant skeleton (Vaults:4)
  7 torpor snails
  3 unseen horrors
  Maggie (D:8)
  40 yaktaurs
  6 rime drakes
  11 komodo dragons
  10 cane toads
  A kobold demonologist (D:14)
  An efreet (D:15)
  7 tengu conjurers
  2 freezing wraiths
  Psyche (D:12)
  2 human zombies (Vaults:5)
  15 trolls
  9 polar bears (Lair:5)
  9 merfolk
  5 wind drakes
  A raiju (Lair:5)
  12 hornets
  19 tarantellas
  A glass eye (Depths:2)
  11 blink frogs
  3 dream sheep (Shoals:4)
  12 snapping turtles
  A human simulacrum (Vaults:4)
  An elf zombie (Vaults:4)
  Sigmund (D:2)
  35 jumping spiders
  24 culicivoras
  42 yaks
  A shadow (D:12)
  4 wraiths
  3 spriggans
  12 wyverns
  9 small abominations
  A vampire (D:12)
  7 water elementals
  Grum (D:10)
  11 wargs
  2 basilisks (Lair:5)
  A basilisk (shapeshifter) (D:13)
  2 chaos spawn (Depths:3)
  43 redbacks
  9 vampire mosquitoes
  2 swamp worms (shapeshifter)
  A glowing shapeshifter zombie (Vaults:4)
  38 water moccasins
  14 hell hounds (Lair:5)
  A water moccasin (shapeshifter) (Vaults:5)
  A black bear (shapeshifter) (D:14)
  2 sky beasts (D:8)
  A spectral torpor snail (Gauntlet)
  36 orc warriors
  2 ice beasts
  14 black bears
  6 ogres
  29 wolves
  5 boggarts (D:15)
  A centaur (D:9)
  5 kobold brigands
  9 bullfrogs
  2 wyvern zombies (D:6)
  2 gnoll sergeants
  3 scorpions
  18 wights
  19 killer bees
  2 howler monkeys
  9 electric eels
  A bombardier beetle (D:4)
  2 bullfrog zombies (D:6)
  3 centaur zombies (D:6)
  5 hounds
  3 jellies
  24 orc priests
  2 sleepcaps (D:5)
  3 iguanas
  25 orc wizards
  12 gnolls
  6 adders
  A shadow imp (D:5)
  A white imp (D:6)
  2 ufetubi (D:6)
  5 dart slugs
  2 ribbon worms
  112 orcs
  8 bats
  9 endoplasms
  4 giant cockroaches
  12 goblins
  3 hobgoblins
  3 quokkas
  4 ball pythons
  5 frilled lizards
  24 kobolds
  5 rats
1837 creatures vanquished.

Vanquished Creatures (others)
  An orc wizard (Orc:1)
1 creature vanquished.

Grand Total: 1838 creatures vanquished

Notes
Turn   | Place    | Note
-------+----------+-------------------------------------------
     0 | D:1      | qw the Spriggan Hunter began the quest for the Orb.
     0 | D:1      | Reached XP level 1. HP: 10/10 MP: 2/2
     0 | D:1      | 0 ||| qw: Version: 0.3-a-155-g5e7d8dd
     0 | D:1      | 0 ||| qw: Game counter: 2142
     0 | D:1      | 0 ||| qw: Melee chars always use a shield: true
     0 | D:1      | 0 ||| qw: God list: Okawaru
     0 | D:1      | 0 ||| qw: Allow faded altars: false
     0 | D:1      | 0 ||| qw: Do Orc after clearing Dungeon:15 true
     0 | D:1      | 0 ||| qw: Do second Lair branch before Depths: true
     0 | D:1      | 0 ||| qw: Lair rune preference: random
     0 | D:1      | 0 ||| qw: Goals: Normal
     0 | D:1      | 0 ||| PLANNING D:1-11
    40 | D:1      | Reached skill level 3 in Dodging
   166 | D:1      | Reached XP level 2. HP: 14/14 MP: 3/3
   204 | D:1      | Reached skill level 4 in Dodging
   517 | D:1      | Reached XP level 3. HP: 18/18 MP: 4/4
   658 | D:1      | 658 ||| READING scroll labelled XEPUIT UCI ADANAD.
   658 | D:1      | 658 ||| ENCHANTING +0 shortbow.
   659 | D:1      | 659 ||| READING scroll labelled POIQIT UPNE.
   659 | D:1      | 659 ||| IDENTIFYING amethyst potion
   660 | D:1      | 660 ||| READING scroll labelled UQIATR NIWACI.
   660 | D:1      | Identified a scroll of acquirement
   660 | D:1      | 660 ||| ACQUIRING +0 hat of Athrim {^Drain rElec rN+
                  | Slay+5}
   660 | D:1      | Acquired the +0 hat of Athrim {^Drain rElec rN+ Slay+5}
   662 | D:1      | 662 ||| UPGRADING to +0 hat of Athrim {^Drain rElec rN+
                  | Slay+5}.
   667 | D:1      | 667 ||| DROPPING scroll of butterflies.
   668 | D:1      | 668 ||| DROPPING potion of degeneration.
   734 | D:2      | Found an ancient bone altar of Kikubaaqudgha.
   936 | D:2      | Noticed Sigmund
   941 | D:2      | Killed Sigmund
   942 | D:2      | Reached skill level 6 in Ranged Weapons
   942 | D:2      | Reached XP level 4. HP: 22/22 MP: 5/5
   942 | D:2      | Reached XP level 5. HP: 25/25 MP: 6/6
   970 | D:2      | Found a faded altar of an unknown god.
  1314 | D:2      | 1314 ||| UPGRADING to amulet of regeneration.
  1319 | D:2      | 1319 ||| READING scroll labelled AXEYLOP REGIO.
  1319 | D:2      | 1319 ||| ENCHANTING +1 shortbow.
  1320 | D:2      | 1320 ||| DRINKING 3 fuming inky potions.
  1627 | D:3      | Reached XP level 6. HP: 30/30 MP: 7/7
  1812 | D:3      | 1812 ||| READING scroll of identify.
  1812 | D:3      | 1812 ||| IDENTIFYING fizzy purple potion
  1813 | D:3      | 1813 ||| READING scroll labelled QUC UJ GUWUC JOPUD.
  1814 | D:3      | 1814 ||| READING scroll labelled JOG PITOASM.
  1815 | D:3      | 1815 ||| READING scroll labelled MURISO OCSIU.
  1820 | D:3      | 1820 ||| DRINKING 2 orange potions.
  1826 | D:4      | Reached skill level 5 in Dodging
  1854 | D:4      | Found a hazy altar of Hepliaklqana.
  1894 | D:4      | Reached skill level 6 in Dodging
  2045 | D:4      | Reached XP level 7. HP: 35/35 MP: 8/8
  2376 | D:4      | 2376 ||| READING scroll of identify.
  2376 | D:4      | 2376 ||| IDENTIFYING coppery potion
  2377 | D:4      | 2377 ||| READING scroll labelled DUAMPA JIOC.
  2377 | D:4      | 2377 ||| BRANDING +1 shortbow.
  2378 | D:4      | 2378 ||| READING scroll labelled POECUL AKHLU.
  2379 | D:4      | 2379 ||| DRINKING 4 emerald potions.
  2380 | D:4      | 2380 ||| DRINKING 2 fuming puce potions.
  2419 | D:4      | 2419 ||| DROPPING 3 potions of attraction.
  2420 | D:4      | 2420 ||| DROPPING potion of lignification.
  2461 | D:5      | Entered Level 5 of the Dungeon
  2461 | D:5      | Noticed a two-headed ogre
  2462 | D:5      | 2462 ||| DRINKING 2 potions of haste.
  2472 | D:5      | Killed a two-headed ogre
  2473 | D:5      | Reached skill level 9 in Ranged Weapons
  2473 | D:5      | Reached XP level 8. HP: 39/39 MP: 9/9
  2616 | D:5      | Reached skill level 7 in Dodging
  2739 | D:5      | You fall into a shaft and drop 2 floors!
  2741 | D:7      | 2741 ||| UPGRADING to +0 cloak.
  2746 | D:7      | 2746 ||| READING scroll of enchant armour.
  2746 | D:7      | 2746 ||| ENCHANTING +0 cloak.
  2747 | D:7      | 2747 ||| READING scroll labelled HIFAAKL KOBUO.
  2748 | D:7      | 2748 ||| READING scroll labelled TAZAEL ECED.
  2856 | D:7      | 2856 ||| FLEEEEING.
  2857 | D:7      | 2857 ||| FLEEEEING.
  2858 | D:7      | 2858 ||| STAIRDANCE
  2894 | D:6      | Reached skill level 8 in Dodging
  2899 | D:6      | 2899 ||| READING scroll of enchant weapon.
  2899 | D:6      | 2899 ||| ENCHANTING +1 shortbow of draining.
  2933 | D:6      | Reached skill level 3 in Fighting
  3119 | D:5      | 3119 ||| FLEEEEING.
  3136 | D:5      | Found an iron altar of Okawaru.
  3137 | D:5      | 3137 ||| PLANNING OKAWARU WORSHIP
  3144 | D:5      | Became a worshipper of Warmaster Okawaru
  3145 | D:5      | 3145 ||| PLANNING D:1-11
  3253 | D:5      | Found a staircase to the Ecumenical Temple.
  3260 | D:5      | Reached skill level 9 in Dodging
  3283 | D:5      | Found Coadog's General Store.
  3442 | D:5      | Found a blossoming altar of Fedhas.
  3662 | D:6      | Reached XP level 9. HP: 43/44 MP: 10/10
  3780 | D:6      | Found a basalt altar of Yredelemnul.
  3797 | D:6      | Reached * piety under Okawaru
  3814 | D:6      | Reached skill level 1 in Invocations
  3844 | D:6      | Reached skill level 10 in Dodging
  4121 | D:6      | Found a shimmering altar of Xom.
  4294 | D:6      | 4294 ||| DROPPING +6 ring of intelligence.
  4344 | D:7      | 4344 ||| STAIRDANCE
  4354 | D:7      | 4354 ||| STAIRDANCE
  4359 | D:6      | Reached skill level 3 in Invocations
  4419 | D:7      | 4419 ||| RETREEEEATING.
  4423 | D:7      | 4423 ||| RETREEEEATING.
  4528 | D:7      | Reached ** piety under Okawaru
  4571 | D:7      | 4571 ||| RETREEEEATING.
  4572 | D:7      | 4572 ||| RETREEEEATING.
  4573 | D:7      | 4573 ||| RETREEEEATING.
  4576 | D:7      | 4576 ||| RETREEEEATING.
  4580 | D:7      | 4580 ||| INVOKING Heroism.
  4581 | D:7      | 4581 ||| DRINKING potion of haste.
  4590 | D:7      | Reached skill level 11 in Dodging
  4677 | D:7      | 4677 ||| RETREEEEATING.
  4678 | D:7      | 4678 ||| RETREEEEATING.
  4679 | D:7      | 4679 ||| RETREEEEATING.
  4680 | D:7      | 4680 ||| RETREEEEATING.
  4842 | D:8      | Noticed Maurice
  4843 | D:8      | 4843 ||| INVOKING Heroism.
  4852 | D:8      | Killed Maurice
  4853 | D:8      | Reached XP level 10. HP: 49/49 MP: 12/14
  4904 | D:8      | 4904 ||| READING scroll of acquirement.
  4904 | D:8      | 4904 ||| ACQUIRING 477 gold pieces
  4904 | D:8      | Acquired 477 gold pieces
  5174 | D:8      | 5174 ||| RETREEEEATING.
  5180 | D:8      | 5180 ||| RETREEEEATING.
  5181 | D:8      | 5181 ||| RETREEEEATING.
  5187 | D:8      | 5187 ||| RETREEEEATING.
  5188 | D:8      | 5188 ||| RETREEEEATING.
  5189 | D:8      | 5189 ||| RETREEEEATING.
  5190 | D:8      | 5190 ||| RETREEEEATING.
  5191 | D:8      | 5191 ||| RETREEEEATING.
  5193 | D:8      | 5193 ||| RETREEEEATING.
  5194 | D:8      | 5194 ||| RETREEEEATING.
  5195 | D:8      | 5195 ||| RETREEEEATING.
  5197 | D:8      | 5197 ||| RETREEEEATING.
  5200 | D:8      | 5200 ||| RETREEEEATING.
  5201 | D:8      | 5201 ||| RETREEEEATING.
  5202 | D:8      | 5202 ||| RETREEEEATING.
  5203 | D:8      | 5203 ||| RETREEEEATING.
  5204 | D:8      | 5204 ||| RETREEEEATING.
  5207 | D:8      | 5207 ||| RETREEEEATING.
  5208 | D:8      | 5208 ||| RETREEEEATING.
  5209 | D:8      | 5209 ||| RETREEEEATING.
  5210 | D:8      | 5210 ||| RETREEEEATING.
  5211 | D:8      | 5211 ||| RETREEEEATING.
  5225 | D:8      | Reached skill level 12 in Dodging
  5225 | D:8      | Noticed Maggie
  5226 | D:8      | 5226 ||| RETREEEEATING.
  5231 | D:8      | 5231 ||| INVOKING Heroism.
  5237 | D:8      | Killed Maggie
  5237 | D:8      | Reached *** piety under Okawaru
  5266 | D:8      | Found a shadowy altar of Dithmenos.
  5508 | D:8      | Noticed Erica
  5509 | D:8      | 5509 ||| RETREEEEATING.
  5510 | D:8      | 5510 ||| INVOKING Heroism.
  5521 | D:8      | Killed Erica
  5522 | D:8      | Reached skill level 12 in Ranged Weapons
  5636 | D:8      | Found Osackor's Antique Weapon Emporium.
  5677 | D:8      | 5677 ||| UPGRADING to +0 acid dragon scales.
  5687 | D:8      | 5687 ||| DROPPING +0 robe.
  5688 | D:8      | 5688 ||| UPGRADING to +6 ring of dexterity.
  5689 | D:8      | 5689 ||| UPGRADING to ring of poison resistance.
  5690 | D:8      | 5690 ||| READING scroll of identify.
  5690 | D:8      | 5690 ||| IDENTIFYING cyan potion
  5691 | D:8      | 5691 ||| READING scroll labelled SACHYG OBLE.
  5692 | D:8      | 5692 ||| DROPPING potion of ambrosia.
  5710 | D:9      | 5710 ||| STAIRDANCE
  5715 | D:9      | 5715 ||| STAIRDANCE
  5779 | D:9      | 5779 ||| RETREEEEATING.
  5783 | D:9      | Reached skill level 1 in Armour
  5785 | D:9      | 5785 ||| RETREEEEATING.
  5786 | D:9      | 5786 ||| RETREEEEATING.
  5787 | D:9      | 5787 ||| RETREEEEATING.
  5788 | D:9      | 5788 ||| RETREEEEATING.
  5789 | D:9      | 5789 ||| RETREEEEATING.
  5861 | D:9      | 5861 ||| DROPPING ring of wizardry.
  5886 | D:9      | Reached skill level 13 in Dodging
  5936 | D:9      | 5936 ||| READING scroll of acquirement.
  5936 | D:9      | 5936 ||| ACQUIRING scarf of the Beekeeper {repulsion, Harm
                  | rElec rPois Str-4}
  5936 | D:9      | Acquired the scarf of the Beekeeper {repulsion, Harm rElec
                  | rPois Str-4}
  6017 | D:9      | Reached **** piety under Okawaru
  6025 | D:9      | Found a flagged portal.
  6060 | D:9      | Reached XP level 11. HP: 55/55 MP: 15/15
  6081 | D:9      | 6081 ||| RETREEEEATING.
  6083 | D:9      | 6083 ||| RETREEEEATING.
  6086 | D:9      | 6086 ||| RETREEEEATING.
  6089 | D:9      | 6089 ||| RETREEEEATING.
  6090 | D:9      | 6090 ||| RETREEEEATING.
  6092 | D:9      | 6092 ||| RETREEEEATING.
  6093 | D:9      | 6093 ||| RETREEEEATING.
  6196 | D:9      | HP: 10/55 [manticore/volley of spikes (18)]
  6197 | D:9      | 6197 ||| READING 2 scrolls of teleportation.
  6198 | D:9      | 6198 ||| DRINKING potion of heal wounds.
  6255 | D:9      | Reached ***** piety under Okawaru
  6288 | D:9      | 6288 ||| READING scroll of enchant weapon.
  6288 | D:9      | 6288 ||| ENCHANTING +2 shortbow of draining.
  6311 | D:9      | Reached skill level 6 in Invocations
  6382 | D:9      | 6382 ||| SWAPPING to +3 orcbow of draining.
  6383 | D:9      | 6383 ||| DROPPING +3 shortbow of draining.
  6579 | D:9      | 6579 ||| UPGRADING to +0 troll leather armour.
  6589 | D:9      | 6589 ||| DROPPING +0 acid dragon scales.
  6612 | D:10     | Entered Level 10 of the Dungeon
  6616 | D:10     | Noticed Grum
  6617 | D:10     | 6617 ||| STAIRDANCE
  6727 | D:10     | 6727 ||| STAIRDANCE
  6830 | D:10     | 6830 ||| STAIRDANCE
  6933 | D:10     | Noticed a two-headed ogre
  6934 | D:10     | 6934 ||| STAIRDANCE
  6950 | D:10     | 6950 ||| STAIRDANCE
  6952 | D:9      | 6952 ||| INVOKING Finesse.
  6960 | D:9      | Killed a two-headed ogre
  6997 | D:10     | Noticed a two-headed ogre
  6998 | D:10     | 6998 ||| INVOKING Finesse.
  6999 | D:10     | 6999 ||| STAIRDANCE
  7034 | D:10     | 7034 ||| STAIRDANCE
  7036 | D:9      | 7036 ||| RETREEEEATING.
  7037 | D:9      | 7037 ||| RETREEEEATING.
  7038 | D:9      | 7038 ||| RETREEEEATING.
  7039 | D:9      | 7039 ||| RETREEEEATING.
  7040 | D:9      | 7040 ||| RETREEEEATING.
  7041 | D:9      | 7041 ||| INVOKING Finesse.
  7049 | D:9      | Killed a two-headed ogre
  7089 | D:10     | 7089 ||| STAIRDANCE
  7103 | D:10     | Received a gift from Okawaru
  7108 | D:10     | Reached skill level 14 in Dodging
  7126 | D:10     | Identified the +1 kite shield "Zeulew" {rPois}
  7144 | D:10     | Found a white marble altar of Elyvilon.
  7151 | D:10     | Killed Grum
  7324 | D:10     | Found a burning altar of Makhleb.
  7441 | D:10     | Found a sacrificial altar of Ru.
  7611 | D:10     | 7611 ||| READING 2 scrolls labelled XEASAOM JEURAIN.
  7612 | D:10     | 7612 ||| DROPPING scroll of fear.
  7646 | D:11     | Noticed a boulder beetle
  7647 | D:11     | 7647 ||| INVOKING Finesse.
  7649 | D:11     | Noticed a boulder beetle
  7656 | D:11     | Killed a boulder beetle
  7669 | D:11     | Killed a boulder beetle
  7717 | D:11     | 7717 ||| RETREEEEATING.
  7721 | D:11     | Reached XP level 12. HP: 60/60 MP: 19/19
  7817 | D:11     | HP: 12/60 [orc/+0 hand axe (5)]
  7818 | D:11     | 7818 ||| READING scroll of teleportation.
  7819 | D:11     | 7819 ||| DRINKING potion of heal wounds.
  7821 | D:11     | Found a staircase to the Orcish Mines.
  7885 | D:11     | Found a staircase to the Lair.
  8060 | D:11     | Found a snail-covered altar of Cheibriados.
  8276 | D:11     | Reached skill level 15 in Dodging
  8276 | D:11     | Reached skill level 9 in Invocations
  8317 | D:11     | Received a gift from Okawaru
  8554 | D:11     | 8554 ||| PLANNING LAIR
  8554 | D:11     | 8554 ||| DROPPING amulet of guardian spirit.
  8555 | D:11     | 8555 ||| READING 2 scrolls labelled LICWOO BIROM.
  8556 | D:11     | 8556 ||| READING scroll labelled ARANWO XIOX.
  8570 | D:11     | 8570 ||| DROPPING scroll of noise.
  8600 | Lair:1   | Entered Level 1 of the Lair of Beasts
  8762 | Lair:1   | 8762 ||| RETREEEEATING.
  8765 | Lair:1   | 8765 ||| RETREEEEATING.
  8767 | Lair:1   | 8767 ||| RETREEEEATING.
  8768 | Lair:1   | 8768 ||| RETREEEEATING.
  8772 | Lair:1   | 8772 ||| RETREEEEATING.
  8773 | Lair:1   | 8773 ||| RETREEEEATING.
  8775 | Lair:1   | 8775 ||| RETREEEEATING.
  8777 | Lair:1   | 8777 ||| RETREEEEATING.
  8872 | Lair:1   | 8872 ||| RETREEEEATING.
  8874 | Lair:1   | 8874 ||| RETREEEEATING.
  9131 | Lair:1   | 9131 ||| READING scroll of enchant armour.
  9131 | Lair:1   | 9131 ||| ENCHANTING +1 cloak.
  9279 | Lair:1   | Noticed Sonja
  9281 | Lair:1   | Killed Sonja
  9293 | Lair:1   | 9293 ||| READING scroll of identify.
  9293 | Lair:1   | 9293 ||| IDENTIFYING glowing cyan potion
  9294 | Lair:1   | 9294 ||| READING scroll labelled YGOMAU MEDDECIG.
  9295 | Lair:1   | 9295 ||| READING scroll labelled EROLIL TOITIE.
  9480 | Lair:2   | 9480 ||| INVOKING Finesse.
  9732 | Lair:2   | Received a gift from Okawaru
  9803 | Lair:2   | 9803 ||| RETREEEEATING.
  9804 | Lair:2   | 9804 ||| RETREEEEATING.
  9805 | Lair:2   | 9805 ||| RETREEEEATING.
  9806 | Lair:2   | 9806 ||| RETREEEEATING.
  9807 | Lair:2   | 9807 ||| RETREEEEATING.
  9808 | Lair:2   | 9808 ||| RETREEEEATING.
  9809 | Lair:2   | 9809 ||| RETREEEEATING.
  9810 | Lair:2   | 9810 ||| RETREEEEATING.
  9811 | Lair:2   | 9811 ||| RETREEEEATING.
  9812 | Lair:2   | 9812 ||| RETREEEEATING.
  9813 | Lair:2   | 9813 ||| RETREEEEATING.
  9814 | Lair:2   | 9814 ||| RETREEEEATING.
  9815 | Lair:2   | 9815 ||| RETREEEEATING.
  9816 | Lair:2   | 9816 ||| RETREEEEATING.
  9817 | Lair:2   | 9817 ||| RETREEEEATING.
  9818 | Lair:2   | 9818 ||| RETREEEEATING.
  9819 | Lair:2   | 9819 ||| RETREEEEATING.
  9820 | Lair:2   | 9820 ||| RETREEEEATING.
  9821 | Lair:2   | 9821 ||| RETREEEEATING.
  9829 | Lair:2   | Reached skill level 16 in Dodging
  9903 | Lair:2   | Found an ancient bone altar of Kikubaaqudgha.
 10111 | Lair:2   | 10111 ||| DRINKING 2 blue potions.
 10144 | Lair:3   | Noticed a death yak
 10145 | Lair:3   | 10145 ||| INVOKING Finesse.
 10147 | Lair:3   | Noticed a death yak
 10152 | Lair:3   | 10152 ||| STAIRDANCE
 10182 | Lair:3   | 10182 ||| STAIRDANCE
 10182 | Lair:3   | Noticed a death yak
 10190 | Lair:2   | Killed a death yak
 10191 | Lair:2   | Reached skill level 6 in Fighting
 10194 | Lair:3   | Noticed a death yak
 10195 | Lair:3   | 10195 ||| STAIRDANCE
 10198 | Lair:2   | 10198 ||| INVOKING Finesse.
 10204 | Lair:2   | Killed a death yak
 10232 | Lair:3   | Noticed a death yak
 10238 | Lair:3   | 10238 ||| STAIRDANCE
 10240 | Lair:2   | 10240 ||| INVOKING Finesse.
 10246 | Lair:2   | Killed a death yak
 10247 | Lair:2   | Reached XP level 13. HP: 45/65 MP: 15/21
 10320 | Lair:3   | Identified the +7 whip of Koleij {flame, rF+ Will+ Dex+3
                  | Stlth+}
 10472 | Lair:3   | Noticed Urug
 10489 | Lair:3   | Killed Urug
 10494 | Lair:3   | Found a staircase to the Shoals.
 10501 | Lair:3   | Found a hole to the Spider Nest.
 10605 | Lair:3   | Found a transporter.
 10621 | Lair:3   | Reached skill level 15 in Ranged Weapons
 10666 | Lair:3   | Identified the +8 great sword of Dried Tears {flame,
                  | *Corrode Will- Str+7}
 10694 | Lair:3   | 10694 ||| SWAPPING to +0 arbalest of freezing.
 10695 | Lair:3   | 10695 ||| DROPPING +3 orcbow of draining.
 10743 | Lair:3   | Noticed qw's ghost (journeyman DjHu)
 10765 | Lair:3   | Found a transporter.
 10984 | Lair:3   | 10984 ||| READING 2 scrolls of identify.
 10984 | Lair:3   | 10984 ||| IDENTIFYING clear potion
 10985 | Lair:3   | 10985 ||| READING scroll of identify.
 10985 | Lair:3   | 10985 ||| IDENTIFYING sedimented inky potion
 11019 | Lair:4   | Received a gift from Okawaru
 11157 | Lair:4   | Noticed Rupert
 11158 | Lair:4   | 11158 ||| INVOKING Finesse.
 11161 | Lair:4   | 11161 ||| INVOKING Heroism.
 11172 | Lair:4   | Killed Rupert
 11173 | Lair:4   | Reached skill level 17 in Dodging
 11252 | Lair:4   | Found a staircase to the Slime Pits.
 11305 | Lair:4   | 11305 ||| RETREEEEATING.
 11382 | Lair:4   | 11382 ||| RETREEEEATING.
 11384 | Lair:4   | 11384 ||| RETREEEEATING.
 11515 | Lair:4   | 11515 ||| READING scroll of enchant weapon.
 11515 | Lair:4   | 11515 ||| ENCHANTING +0 arbalest of freezing.
 11826 | Lair:4   | 11826 ||| READING 2 scrolls of identify.
 11826 | Lair:4   | 11826 ||| IDENTIFYING dark potion
 11856 | Lair:5   | Entered Level 5 of the Lair of Beasts
 11857 | Lair:5   | 11857 ||| STAIRDANCE
 11861 | Lair:5   | 11861 ||| STAIRDANCE
 11874 | Lair:5   | 11874 ||| RETREEEEATING.
 11883 | Lair:5   | 11883 ||| RETREEEEATING.
 11908 | Lair:5   | Noticed Snorg
 11911 | Lair:5   | 11911 ||| INVOKING Finesse.
 11914 | Lair:5   | Killed Snorg
 11940 | Lair:5   | Received a gift from Okawaru
 12082 | Lair:5   | Reached skill level 18 in Dodging
 12083 | Lair:5   | 12083 ||| RETREEEEATING.
 12092 | Lair:5   | 12092 ||| RETREEEEATING.
 12147 | Lair:5   | 12147 ||| RETREEEEATING.
 12151 | Lair:5   | 12151 ||| RETREEEEATING.
 12152 | Lair:5   | 12152 ||| RETREEEEATING.
 12214 | Lair:5   | Reached XP level 14. HP: 72/72 MP: 22/22
 12218 | Lair:5   | Received a gift from Okawaru
 12224 | Lair:5   | 12224 ||| RETREEEEATING.
 12304 | Lair:5   | 12304 ||| RETREEEEATING.
 12305 | Lair:5   | 12305 ||| RETREEEEATING.
 12310 | Lair:5   | 12310 ||| RETREEEEATING.
 12311 | Lair:5   | 12311 ||| RETREEEEATING.
 12316 | Lair:5   | 12316 ||| RETREEEEATING.
 12318 | Lair:5   | 12318 ||| RETREEEEATING.
 12321 | Lair:5   | 12321 ||| RETREEEEATING.
 12330 | Lair:5   | 12330 ||| RETREEEEATING.
 12533 | Lair:5   | 12533 ||| RETREEEEATING.
 12534 | Lair:5   | 12534 ||| RETREEEEATING.
 12535 | Lair:5   | 12535 ||| RETREEEEATING.
 12536 | Lair:5   | 12536 ||| RETREEEEATING.
 12537 | Lair:5   | 12537 ||| RETREEEEATING.
 12542 | Lair:5   | 12542 ||| RETREEEEATING.
 12543 | Lair:5   | 12543 ||| RETREEEEATING.
 12545 | Lair:5   | 12545 ||| RETREEEEATING.
 12546 | Lair:5   | 12546 ||| RETREEEEATING.
 12547 | Lair:5   | 12547 ||| RETREEEEATING.
 12548 | Lair:5   | 12548 ||| RETREEEEATING.
 12549 | Lair:5   | 12549 ||| RETREEEEATING.
 12550 | Lair:5   | 12550 ||| RETREEEEATING.
 12551 | Lair:5   | 12551 ||| RETREEEEATING.
 12552 | Lair:5   | 12552 ||| RETREEEEATING.
 12553 | Lair:5   | 12553 ||| RETREEEEATING.
 12556 | Lair:5   | 12556 ||| RETREEEEATING.
 12557 | Lair:5   | 12557 ||| RETREEEEATING.
 12558 | Lair:5   | 12558 ||| RETREEEEATING.
 12559 | Lair:5   | 12559 ||| RETREEEEATING.
 12560 | Lair:5   | 12560 ||| RETREEEEATING.
 12561 | Lair:5   | 12561 ||| RETREEEEATING.
 12722 | Lair:5   | Identified the +7 flail of Sosaifom {drain, rElec Str-3
                  | Dex+5}
 12821 | Lair:5   | 12821 ||| INVOKING Finesse.
 12822 | Lair:5   | 12822 ||| INVOKING Heroism.
 12833 | Lair:5   | 12833 ||| RETREEEEATING.
 12883 | Lair:5   | Received a gift from Okawaru
 12906 | Lair:5   | 12906 ||| INVOKING Finesse.
 12907 | Lair:5   | 12907 ||| INVOKING Heroism.
 12979 | Lair:5   | Reached skill level 19 in Dodging
 13291 | Lair:5   | Got an earthy gem with 472 turns to spare
 13298 | Lair:5   | 13298 ||| READING scroll of enchant weapon.
 13298 | Lair:5   | 13298 ||| ENCHANTING +1 arbalest of freezing.
 13312 | Lair:5   | 13312 ||| PLANNING D
 13312 | Lair:5   | 13312 ||| UPGRADING to +2 troll leather armour {Snorg}.
 13322 | Lair:5   | 13322 ||| DROPPING +0 troll leather armour.
 13323 | Lair:5   | 13323 ||| READING 6 scrolls of identify.
 13323 | Lair:5   | 13323 ||| IDENTIFYING 2 murky amethyst potions
 13324 | Lair:5   | 13324 ||| DROPPING 2 potions of brilliance.
 13436 | D:12     | Noticed Jorgrun
 13437 | D:12     | 13437 ||| INVOKING Finesse.
 13450 | D:12     | Killed Jorgrun
 13759 | D:12     | Noticed Psyche
 13762 | D:12     | Killed Psyche
 13798 | D:12     | 13798 ||| RETREEEEATING.
 13803 | D:12     | 13803 ||| RETREEEEATING.
 13818 | D:12     | Reached skill level 18 in Ranged Weapons
 14030 | D:13     | 14030 ||| PLANNING GAUNTLET
 14046 | D:13     | Found an ornate altar of the Wu Jian Council.
 14056 | D:13     | Found a gate leading to a gauntlet.
 14062 | Gauntlet | Entered a Gauntlet
 14062 | Gauntlet | Found a transporter.
 14071 | Gauntlet | Found a transporter.
 14086 | Gauntlet | Found a transporter.
 14091 | Gauntlet | Found a transporter.
 14106 | Gauntlet | Found a transporter.
 14128 | Gauntlet | Found a transporter.
 14137 | Gauntlet | Found a transporter.
 14149 | Gauntlet | Found a transporter.
 14161 | Gauntlet | Found a transporter.
 14173 | Gauntlet | Found a transporter.
 14179 | Gauntlet | Found a transporter.
 14179 | Gauntlet | Found a transporter.
 14222 | Gauntlet | Found a transporter.
 14247 | Gauntlet | Found a transporter.
 14249 | Gauntlet | Found a transporter.
 14271 | Gauntlet | Found a transporter.
 14353 | Gauntlet | Found a transporter.
 14375 | Gauntlet | Found a transporter.
 14481 | Gauntlet | 14481 ||| RETREEEEATING.
 14482 | Gauntlet | 14482 ||| RETREEEEATING.
 14485 | Gauntlet | 14485 ||| RETREEEEATING.
 14492 | Gauntlet | 14492 ||| RETREEEEATING.
 14493 | Gauntlet | 14493 ||| RETREEEEATING.
 14495 | Gauntlet | 14495 ||| RETREEEEATING.
 14523 | Gauntlet | 14523 ||| DROPPING ring of resist corrosion.
 14524 | Gauntlet | 14524 ||| DROPPING ring of willpower.
 14525 | Gauntlet | 14525 ||| DROPPING ring of positive energy.
 14543 | Gauntlet | Reached ****** piety under Okawaru
 14544 | Gauntlet | 14544 ||| INVOKING Receive Weapon.
 14544 | Gauntlet | 14544 ||| ACQUIRING +8 hand cannon of Dowdy Purpose {drain,
                  | rC++ Str+4}
 14544 | Gauntlet | Acquired the +8 hand cannon of Dowdy Purpose {drain, rC++
                  | Str+4}
 14544 | Gauntlet | Received a gift from Okawaru
 14545 | Gauntlet | 14545 ||| INVOKING Receive Armour.
 14545 | Gauntlet | 14545 ||| ACQUIRING +4 skin of Zhor {*Englaciate rC+++
                  | SInv}
 14545 | Gauntlet | Acquired the +4 skin of Zhor {*Englaciate rC+++ SInv}
 14545 | Gauntlet | Received a gift from Okawaru
 14545 | Gauntlet | Found the +4 skin of Zhor {*Englaciate rC+++ SInv}
 14579 | Gauntlet | 14579 ||| SWAPPING to +8 hand cannon of Dowdy Purpose
                  | {drain, rC++ Str+4}.
 14580 | Gauntlet | 14580 ||| DROPPING +2 arbalest of freezing.
 14615 | Gauntlet | 14615 ||| RETREEEEATING.
 14616 | Gauntlet | 14616 ||| RETREEEEATING.
 14617 | Gauntlet | 14617 ||| RETREEEEATING.
 14618 | Gauntlet | 14618 ||| RETREEEEATING.
 14619 | Gauntlet | 14619 ||| RETREEEEATING.
 14620 | Gauntlet | 14620 ||| INVOKING Finesse.
 14627 | Gauntlet | Received a gift from Okawaru
 14661 | Gauntlet | Identified the +3 leather armour of Resourcefulness {MP+9
                  | Int+3}
 14679 | Gauntlet | Reached XP level 15. HP: 74/77 MP: 23/23
 14711 | Gauntlet | 14711 ||| DROPPING +1 robe of willpower.
 14726 | D:13     | 14726 ||| PLANNING D
 14826 | D:13     | Found a gate to the Vaults.
 14827 | D:13     | 14827 ||| RETREEEEATING.
 14830 | D:13     | 14830 ||| RETREEEEATING.
 14831 | D:13     | 14831 ||| RETREEEEATING.
 15005 | D:13     | Reached skill level 20 in Dodging
 15132 | D:13     | 15132 ||| INVOKING Finesse.
 15525 | D:14     | 15525 ||| RETREEEEATING.
 15527 | D:14     | 15527 ||| RETREEEEATING.
 15528 | D:14     | 15528 ||| RETREEEEATING.
 15529 | D:14     | 15529 ||| RETREEEEATING.
 15531 | D:14     | 15531 ||| RETREEEEATING.
 15539 | D:14     | 15539 ||| INVOKING Finesse.
 15540 | D:14     | 15540 ||| INVOKING Heroism.
 15655 | D:14     | Received a gift from Okawaru
 15693 | D:14     | 15693 ||| READING scroll of acquirement.
 15693 | D:14     | 15693 ||| ACQUIRING 958 gold pieces
 15693 | D:14     | Acquired 958 gold pieces
 15710 | D:14     | Identified the +3 falchion of Inference {freeze, Str+3}
 16088 | D:15     | Entered Level 15 of the Dungeon
 16202 | D:15     | Found a staircase to the Depths.
 16205 | D:15     | Got a smoky gem with 1636 turns to spare
 16214 | D:15     | 16214 ||| INVOKING Finesse.
 16217 | D:15     | Reached skill level 21 in Dodging
 16272 | D:15     | Found a burning altar of Makhleb.
 16338 | D:15     | 16338 ||| RETREEEEATING.
 16457 | D:15     | Found a runed translucent gate.
 16457 | D:15     | Found a runed translucent gate.
 16459 | D:15     | Found a runed translucent gate.
 16460 | D:15     | Noticed Vochiuc's ghost (adept DEFE)
 16460 | D:15     | Noticed Waecyras's ghost (adept KoGl)
 16461 | D:15     | Noticed MadAsgardian's ghost (journeyman TrMo)
 16462 | D:15     | Noticed Waecyras's ghost (adept KoGl)
 17048 | D:15     | 17048 ||| PLANNING ORC
 17182 | Orc:1    | Entered Level 1 of the Orcish Mines
 17201 | Orc:1    | 17201 ||| STAIRDANCE
 17206 | Orc:1    | 17206 ||| STAIRDANCE
 17213 | Orc:1    | 17213 ||| STAIRDANCE
 17281 | Orc:1    | 17281 ||| ZAPPING wand of quicksilver (5) at 2,-7 (orc
                  | knight; floor).
 17283 | Orc:1    | 17283 ||| RETREEEEATING.
 17284 | Orc:1    | Received a gift from Okawaru
 17477 | Orc:2    | Entered Level 2 of the Orcish Mines
 17634 | Orc:1    | 17634 ||| RETREEEEATING.
 17635 | Orc:1    | 17635 ||| RETREEEEATING.
 17638 | Orc:1    | 17638 ||| RETREEEEATING.
 17640 | Orc:1    | 17640 ||| RETREEEEATING.
 17641 | Orc:1    | 17641 ||| RETREEEEATING.
 17642 | Orc:1    | 17642 ||| RETREEEEATING.
 17779 | Orc:1    | 17779 ||| Stepping randomly (stuck).
 17780 | Orc:1    | 17780 ||| Stepping randomly (stuck).
 17781 | Orc:1    | 17781 ||| Stepping randomly (stuck).
 17782 | Orc:1    | 17782 ||| Stepping randomly (stuck).
 17783 | Orc:1    | 17783 ||| Stepping randomly (stuck).
 17784 | Orc:1    | 17784 ||| Stepping randomly (stuck).
 17785 | Orc:1    | 17785 ||| Stepping randomly (stuck).
 17786 | Orc:1    | 17786 ||| Stepping randomly (stuck).
 17787 | Orc:1    | 17787 ||| Stepping randomly (stuck).
 17788 | Orc:1    | 17788 ||| Stepping randomly (stuck).
 17789 | Orc:1    | 17789 ||| Stepping randomly (stuck).
 17790 | Orc:1    | 17790 ||| Stepping randomly (stuck).
 17791 | Orc:1    | 17791 ||| Stepping randomly (stuck).
 17792 | Orc:1    | 17792 ||| Stepping randomly (stuck).
 17793 | Orc:1    | 17793 ||| Stepping randomly (stuck).
 17794 | Orc:1    | 17794 ||| Stepping randomly (stuck).
 17795 | Orc:1    | 17795 ||| Stepping randomly (stuck).
 17796 | Orc:1    | 17796 ||| Stepping randomly (stuck).
 17797 | Orc:1    | 17797 ||| Stepping randomly (stuck).
 17798 | Orc:1    | 17798 ||| Stepping randomly (stuck).
 17799 | Orc:1    | 17799 ||| Stepping randomly (stuck).
 17800 | Orc:1    | 17800 ||| Stepping randomly (stuck).
 17801 | Orc:1    | 17801 ||| Stepping randomly (stuck).
 17802 | Orc:1    | 17802 ||| Stepping randomly (stuck).
 17803 | Orc:1    | 17803 ||| Stepping randomly (stuck).
 17804 | Orc:1    | 17804 ||| Stepping randomly (stuck).
 17805 | Orc:1    | 17805 ||| Stepping randomly (stuck).
 17806 | Orc:1    | 17806 ||| Stepping randomly (stuck).
 17807 | Orc:1    | 17807 ||| Stepping randomly (stuck).
 17808 | Orc:1    | 17808 ||| Stepping randomly (stuck).
 17809 | Orc:1    | 17809 ||| Stepping randomly (stuck).
 17810 | Orc:1    | 17810 ||| Stepping randomly (stuck).
 17811 | Orc:1    | 17811 ||| Stepping randomly (stuck).
 17812 | Orc:1    | 17812 ||| Stepping randomly (stuck).
 17813 | Orc:1    | 17813 ||| Stepping randomly (stuck).
 17814 | Orc:1    | 17814 ||| Stepping randomly (stuck).
 17815 | Orc:1    | 17815 ||| Stepping randomly (stuck).
 17816 | Orc:1    | 17816 ||| Stepping randomly (stuck).
 17817 | Orc:1    | 17817 ||| Stepping randomly (stuck).
 17818 | Orc:1    | 17818 ||| Stepping randomly (stuck).
 17819 | Orc:1    | 17819 ||| Stepping randomly (stuck).
 17820 | Orc:1    | 17820 ||| Stepping randomly (stuck).
 17821 | Orc:1    | 17821 ||| Stepping randomly (stuck).
 17822 | Orc:1    | 17822 ||| Stepping randomly (stuck).
 17823 | Orc:1    | 17823 ||| Stepping randomly (stuck).
 17824 | Orc:1    | 17824 ||| Stepping randomly (stuck).
 17825 | Orc:1    | 17825 ||| Stepping randomly (stuck).
 17826 | Orc:1    | 17826 ||| Stepping randomly (stuck).
 17827 | Orc:1    | 17827 ||| Stepping randomly (stuck).
 17828 | Orc:1    | 17828 ||| Stepping randomly (stuck).
 17829 | Orc:1    | 17829 ||| Stepping randomly (stuck).
 17830 | Orc:1    | 17830 ||| READING 5 scrolls of teleportation.
 17997 | Orc:2    | Found a staircase to the Elven Halls.
 18089 | Orc:2    | 18089 ||| RETREEEEATING.
 18090 | Orc:2    | 18090 ||| RETREEEEATING.
 18091 | Orc:2    | 18091 ||| RETREEEEATING.
 18092 | Orc:2    | 18092 ||| RETREEEEATING.
 18093 | Orc:2    | 18093 ||| RETREEEEATING.
 18094 | Orc:2    | 18094 ||| RETREEEEATING.
 18095 | Orc:2    | 18095 ||| RETREEEEATING.
 18096 | Orc:2    | 18096 ||| RETREEEEATING.
 18141 | Orc:2    | 18141 ||| RETREEEEATING.
 18154 | Orc:2    | HP: 15/77 [orc warrior/+0 halberd (13)]
 18155 | Orc:2    | 18155 ||| READING 4 scrolls of teleportation.
 18156 | Orc:2    | 18156 ||| DRINKING 6 potions of heal wounds.
 18358 | Orc:2    | Found Oseat's Antique Weapon Boutique.
 18360 | Orc:2    | Found Ryemong's Antique Armour Shop.
 18373 | Orc:2    | 18373 ||| BUYING embroidered robe (59 gold).
 18373 | Orc:2    | Bought an embroidered robe for 59 gold pieces
 18373 | Orc:2    | 18373 ||| BUYING runed robe (59 gold).
 18373 | Orc:2    | Bought a runed robe for 59 gold pieces
 18373 | Orc:2    | 18373 ||| BUYING runed scarf (128 gold).
 18373 | Orc:2    | Bought a runed scarf for 128 gold pieces
 18484 | Orc:2    | Found Oruwkuts's General Store.
 18489 | Orc:2    | 18489 ||| BUYING wand of polymorph (4) (78 gold).
 18489 | Orc:2    | Bought a wand of polymorph (4) for 78 gold pieces
 18520 | Orc:2    | Found Gunocvya's Weapon Boutique.
 18640 | Orc:2    | 18640 ||| PLANNING SPIDER:1-3
 18640 | Orc:2    | 18640 ||| DROPPING +1 robe.
 18641 | Orc:2    | 18641 ||| DROPPING scarf of harm.
 18773 | Spider:1 | Entered Level 1 of the Spider Nest
 18776 | Spider:1 | Received a gift from Okawaru
 18794 | Spider:1 | 18794 ||| RETREEEEATING.
 18795 | Spider:1 | 18795 ||| INVOKING Finesse.
 18893 | Spider:1 | 18893 ||| RETREEEEATING.
 18895 | Spider:1 | Reached skill level 22 in Dodging
 19171 | Spider:1 | Received a gift from Okawaru
 19172 | Spider:1 | Reached XP level 16. HP: 82/82 MP: 24/24
 19258 | Spider:1 | 19258 ||| INVOKING Finesse.
 19267 | Spider:1 | Reached skill level 9 in Fighting
 19350 | Spider:1 | Noticed Asterion
 19351 | Spider:1 | 19351 ||| INVOKING Finesse.
 19356 | Spider:1 | Killed Asterion
 19428 | Spider:1 | 19428 ||| INVOKING Finesse.
 19774 | Spider:2 | Noticed Arachne
 19775 | Spider:2 | 19775 ||| STAIRDANCE
 19888 | Spider:2 | 19888 ||| INVOKING Finesse.
 19889 | Spider:2 | 19889 ||| STAIRDANCE
 20197 | Spider:2 | 20197 ||| STAIRDANCE
 20201 | Spider:2 | 20201 ||| STAIRDANCE
 20224 | Spider:2 | 20224 ||| STAIRDANCE
 20235 | Spider:2 | 20235 ||| STAIRDANCE
 20256 | Spider:2 | 20256 ||| ZAPPING wand of quicksilver (4) at -7,7 (Arachne;
                  | floor).
 20257 | Spider:2 | 20257 ||| ZAPPING wand of quicksilver (3) at -6,6 (Arachne;
                  | floor).
 20259 | Spider:2 | 20259 ||| INVOKING Finesse.
 20268 | Spider:2 | Killed Arachne
 20378 | Spider:2 | 20378 ||| RETREEEEATING.
 20381 | Spider:2 | 20381 ||| INVOKING Finesse.
 20384 | Spider:2 | 20384 ||| RETREEEEATING.
 20386 | Spider:2 | 20386 ||| RETREEEEATING.
 20387 | Spider:2 | 20387 ||| RETREEEEATING.
 20388 | Spider:2 | 20388 ||| RETREEEEATING.
 20389 | Spider:2 | 20389 ||| RETREEEEATING.
 20390 | Spider:2 | 20390 ||| RETREEEEATING.
 20391 | Spider:2 | 20391 ||| RETREEEEATING.
 20392 | Spider:2 | 20392 ||| RETREEEEATING.
 20393 | Spider:2 | 20393 ||| RETREEEEATING.
 20394 | Spider:2 | 20394 ||| RETREEEEATING.
 20395 | Spider:2 | 20395 ||| RETREEEEATING.
 20405 | Spider:2 | Reached skill level 23 in Dodging
 20426 | Spider:2 | 20426 ||| FLEEEEING.
 20427 | Spider:2 | 20427 ||| FLEEEEING.
 20428 | Spider:2 | 20428 ||| FLEEEEING.
 20432 | Spider:2 | 20432 ||| STAIRDANCE
 20451 | Spider:1 | 20451 ||| DROPPING ring of protection from cold.
 20558 | Spider:2 | 20558 ||| RETREEEEATING.
 20559 | Spider:2 | 20559 ||| RETREEEEATING.
 20561 | Spider:2 | 20561 ||| RETREEEEATING.
 20562 | Spider:2 | 20562 ||| RETREEEEATING.
 20563 | Spider:2 | 20563 ||| RETREEEEATING.
 20566 | Spider:2 | 20566 ||| RETREEEEATING.
 20568 | Spider:2 | 20568 ||| RETREEEEATING.
 20574 | Spider:2 | 20574 ||| RETREEEEATING.
 20575 | Spider:2 | 20575 ||| RETREEEEATING.
 20576 | Spider:2 | 20576 ||| RETREEEEATING.
 20577 | Spider:2 | 20577 ||| RETREEEEATING.
 20579 | Spider:2 | 20579 ||| RETREEEEATING.
 20580 | Spider:2 | 20580 ||| RETREEEEATING.
 20581 | Spider:2 | 20581 ||| RETREEEEATING.
 20582 | Spider:2 | 20582 ||| RETREEEEATING.
 20583 | Spider:2 | 20583 ||| RETREEEEATING.
 20584 | Spider:2 | 20584 ||| RETREEEEATING.
 20585 | Spider:2 | 20585 ||| RETREEEEATING.
 20586 | Spider:2 | 20586 ||| RETREEEEATING.
 20587 | Spider:2 | 20587 ||| RETREEEEATING.
 20588 | Spider:2 | 20588 ||| RETREEEEATING.
 20591 | Spider:2 | 20591 ||| RETREEEEATING.
 20592 | Spider:2 | 20592 ||| RETREEEEATING.
 20593 | Spider:2 | 20593 ||| RETREEEEATING.
 20594 | Spider:2 | 20594 ||| RETREEEEATING.
 20595 | Spider:2 | 20595 ||| RETREEEEATING.
 20596 | Spider:2 | 20596 ||| RETREEEEATING.
 20597 | Spider:2 | 20597 ||| RETREEEEATING.
 20598 | Spider:2 | 20598 ||| RETREEEEATING.
 20599 | Spider:2 | 20599 ||| RETREEEEATING.
 20600 | Spider:2 | 20600 ||| RETREEEEATING.
 20603 | Spider:2 | 20603 ||| RETREEEEATING.
 20604 | Spider:2 | 20604 ||| RETREEEEATING.
 20605 | Spider:2 | 20605 ||| RETREEEEATING.
 20606 | Spider:2 | 20606 ||| RETREEEEATING.
 20709 | Spider:2 | Noticed Ikly's ghost (journeyman GrFi)
 20712 | Spider:2 | Found a runed translucent door.
 20716 | Spider:2 | 20716 ||| RETREEEEATING.
 20721 | Spider:2 | 20721 ||| RETREEEEATING.
 20722 | Spider:2 | 20722 ||| RETREEEEATING.
 20723 | Spider:2 | 20723 ||| RETREEEEATING.
 20724 | Spider:2 | 20724 ||| RETREEEEATING.
 20725 | Spider:2 | 20725 ||| RETREEEEATING.
 20726 | Spider:2 | 20726 ||| RETREEEEATING.
 20727 | Spider:2 | 20727 ||| RETREEEEATING.
 20728 | Spider:2 | 20728 ||| RETREEEEATING.
 20729 | Spider:2 | 20729 ||| RETREEEEATING.
 20730 | Spider:2 | 20730 ||| RETREEEEATING.
 20731 | Spider:2 | 20731 ||| RETREEEEATING.
 20732 | Spider:2 | 20732 ||| RETREEEEATING.
 20733 | Spider:2 | 20733 ||| RETREEEEATING.
 20734 | Spider:2 | 20734 ||| RETREEEEATING.
 20735 | Spider:2 | 20735 ||| RETREEEEATING.
 20736 | Spider:2 | 20736 ||| RETREEEEATING.
 20737 | Spider:2 | 20737 ||| RETREEEEATING.
 20738 | Spider:2 | 20738 ||| RETREEEEATING.
 20740 | Spider:2 | 20740 ||| INVOKING Finesse.
 20741 | Spider:2 | 20741 ||| INVOKING Heroism.
 21363 | Spider:3 | Received a gift from Okawaru
 21509 | Spider:3 | Identified the +0 scimitar of Puckish Duty {drain, *Noise
                  | rC+ SInv Stlth+}
 21572 | Spider:3 | 21572 ||| DRINKING 3 potions of curing.
 21572 | Spider:3 | 21572 ||| (to cure confusion)
 21573 | Spider:3 | 21573 ||| DRINKING 2 potions of curing.
 21573 | Spider:3 | 21573 ||| (to cure confusion)
 21794 | Spider:3 | 21794 ||| INVOKING Finesse.
 22318 | Spider:3 | 22318 ||| PLANNING SHOALS:1-3
 22414 | Shoals:1 | Entered Level 1 of the Shoals
 22436 | Shoals:1 | Received a gift from Okawaru
 22559 | Shoals:1 | 22559 ||| RETREEEEATING.
 22560 | Shoals:1 | 22560 ||| RETREEEEATING.
 22561 | Shoals:1 | 22561 ||| RETREEEEATING.
 22562 | Shoals:1 | 22562 ||| RETREEEEATING.
 22563 | Shoals:1 | 22563 ||| RETREEEEATING.
 22564 | Shoals:1 | 22564 ||| RETREEEEATING.
 22565 | Shoals:1 | 22565 ||| RETREEEEATING.
 22566 | Shoals:1 | 22566 ||| RETREEEEATING.
 22567 | Shoals:1 | 22567 ||| RETREEEEATING.
 22568 | Shoals:1 | 22568 ||| RETREEEEATING.
 22569 | Shoals:1 | 22569 ||| RETREEEEATING.
 22570 | Shoals:1 | 22570 ||| RETREEEEATING.
 22571 | Shoals:1 | 22571 ||| RETREEEEATING.
 22572 | Shoals:1 | 22572 ||| RETREEEEATING.
 22573 | Shoals:1 | 22573 ||| RETREEEEATING.
 22574 | Shoals:1 | 22574 ||| RETREEEEATING.
 22575 | Shoals:1 | 22575 ||| RETREEEEATING.
 22576 | Shoals:1 | 22576 ||| RETREEEEATING.
 22577 | Shoals:1 | 22577 ||| RETREEEEATING.
 22578 | Shoals:1 | 22578 ||| RETREEEEATING.
 22579 | Shoals:1 | 22579 ||| RETREEEEATING.
 22580 | Shoals:1 | 22580 ||| RETREEEEATING.
 22581 | Shoals:1 | 22581 ||| RETREEEEATING.
 22582 | Shoals:1 | 22582 ||| RETREEEEATING.
 22583 | Shoals:1 | 22583 ||| RETREEEEATING.
 22584 | Shoals:1 | 22584 ||| INVOKING Finesse.
 22692 | Shoals:1 | Noticed Roxanne
 22692 | Shoals:1 | Noticed Nikola
 22693 | Shoals:1 | 22693 ||| INVOKING Finesse.
 22702 | Shoals:1 | Killed Nikola
 22703 | Shoals:1 | Reached skill level 24 in Dodging
 22720 | Shoals:1 | Killed Roxanne
 22757 | Shoals:1 | 22757 ||| INVOKING Finesse.
 22863 | Shoals:1 | Reached XP level 17. HP: 87/87 MP: 25/25
 22884 | Shoals:1 | Found Qoonn's Armour Emporium.
 22886 | Shoals:1 | 22886 ||| READING 13 scrolls of identify.
 22886 | Shoals:1 | 22886 ||| IDENTIFYING bubbling golden potion
 22922 | Shoals:1 | 22922 ||| RETREEEEATING.
 22923 | Shoals:1 | 22923 ||| RETREEEEATING.
 22924 | Shoals:1 | 22924 ||| RETREEEEATING.
 22925 | Shoals:1 | 22925 ||| RETREEEEATING.
 22926 | Shoals:1 | 22926 ||| RETREEEEATING.
 22927 | Shoals:1 | 22927 ||| RETREEEEATING.
 22928 | Shoals:1 | 22928 ||| RETREEEEATING.
 22929 | Shoals:1 | 22929 ||| RETREEEEATING.
 22930 | Shoals:1 | 22930 ||| RETREEEEATING.
 22931 | Shoals:1 | 22931 ||| RETREEEEATING.
 22943 | Shoals:1 | Received a gift from Okawaru
 23129 | Shoals:1 | 23129 ||| DROPPING potion of berserk rage.
 23161 | Shoals:2 | 23161 ||| INVOKING Finesse.
 23165 | Shoals:2 | 23165 ||| STAIRDANCE
 23241 | Shoals:2 | 23241 ||| STAIRDANCE
 23352 | Shoals:2 | Reached skill level 21 in Ranged Weapons
 23406 | Shoals:2 | 23406 ||| RETREEEEATING.
 23411 | Shoals:2 | 23411 ||| RETREEEEATING.
 23416 | Shoals:2 | 23416 ||| INVOKING Finesse.
 23744 | Shoals:2 | Received a gift from Okawaru
 23752 | Shoals:2 | 23752 ||| RETREEEEATING.
 23902 | Shoals:3 | 23902 ||| PLANNING BAZAAR
 24009 | Shoals:3 | Found a glacial archway.
 24018 | Shoals:3 | Reached skill level 25 in Dodging
 24197 | Shoals:3 | 24197 ||| INVOKING Finesse.
 25202 | Shoals:2 | 25202 ||| RIP BAZAAR
 25202 | Shoals:2 | 25202 ||| PLANNING SHOALS:1-3
 25202 | Shoals:2 | 25202 ||| PLANNING SPIDER:4
 25321 | Spider:4 | Entered Level 4 of the Spider Nest
 25325 | Spider:4 | 25325 ||| RETREEEEATING.
 25326 | Spider:4 | 25326 ||| RETREEEEATING.
 25327 | Spider:4 | 25327 ||| RETREEEEATING.
 25329 | Spider:4 | 25329 ||| INVOKING Finesse.
 25360 | Spider:4 | 25360 ||| RETREEEEATING.
 25361 | Spider:4 | 25361 ||| RETREEEEATING.
 25362 | Spider:4 | 25362 ||| RETREEEEATING.
 25365 | Spider:4 | 25365 ||| RETREEEEATING.
 25372 | Spider:4 | 25372 ||| INVOKING Finesse.
 25484 | Spider:4 | Identified the +1 cloak of Feqeam {*Slow rF+++ rC+ Dex+2}
 25615 | Spider:4 | Received a gift from Okawaru
 25621 | Spider:4 | 25621 ||| FLEEEEING.
 25622 | Spider:4 | 25622 ||| FLEEEEING.
 25623 | Spider:4 | 25623 ||| FLEEEEING.
 25624 | Spider:4 | 25624 ||| FLEEEEING.
 25625 | Spider:4 | 25625 ||| FLEEEEING.
 25626 | Spider:4 | 25626 ||| FLEEEEING.
 25627 | Spider:4 | 25627 ||| FLEEEEING.
 25628 | Spider:4 | 25628 ||| FLEEEEING.
 25629 | Spider:4 | 25629 ||| FLEEEEING.
 25630 | Spider:4 | 25630 ||| FLEEEEING.
 25631 | Spider:4 | 25631 ||| FLEEEEING.
 25632 | Spider:4 | 25632 ||| FLEEEEING.
 25633 | Spider:4 | 25633 ||| STAIRDANCE
 25765 | Spider:3 | 25765 ||| UPGRADING to +1 cloak of Feqeam {*Slow rF+++ rC+
                  | Dex+2}.
 25839 | Spider:4 | 25839 ||| FLEEEEING.
 25840 | Spider:4 | 25840 ||| FLEEEEING.
 25841 | Spider:4 | 25841 ||| FLEEEEING.
 25844 | Spider:4 | 25844 ||| FLEEEEING.
 25845 | Spider:4 | 25845 ||| FLEEEEING.
 25846 | Spider:4 | 25846 ||| FLEEEEING.
 25848 | Spider:4 | 25848 ||| FLEEEEING.
 25849 | Spider:4 | 25849 ||| STAIRDANCE
 26420 | Spider:4 | 26420 ||| RETREEEEATING.
 26421 | Spider:4 | 26421 ||| RETREEEEATING.
 26422 | Spider:4 | 26422 ||| RETREEEEATING.
 26423 | Spider:4 | 26423 ||| RETREEEEATING.
 26424 | Spider:4 | 26424 ||| RETREEEEATING.
 26429 | Spider:4 | 26429 ||| INVOKING Finesse.
 26435 | Spider:4 | 26435 ||| INVOKING Heroism.
 26444 | Spider:4 | 26444 ||| ZAPPING wand of quicksilver (6) at -1,-2 (emperor
                  | scorpion; floor).
 26445 | Spider:4 | 26445 ||| ZAPPING wand of quicksilver (5) at -1,-2 (emperor
                  | scorpion; floor).
 26447 | Spider:4 | 26447 ||| ZAPPING wand of quicksilver (4) at 0,-2 (emperor
                  | scorpion; floor).
 26466 | Spider:4 | Received a gift from Okawaru
 26473 | Spider:4 | Reached XP level 18. HP: 75/93 MP: 22/26
 26525 | Spider:4 | Got a gossamer rune of Zot
 26549 | Spider:4 | 26549 ||| RETREEEEATING.
 26551 | Spider:4 | 26551 ||| RETREEEEATING.
 26552 | Spider:4 | 26552 ||| RETREEEEATING.
 26553 | Spider:4 | 26553 ||| RETREEEEATING.
 26556 | Spider:4 | 26556 ||| RETREEEEATING.
 26557 | Spider:4 | 26557 ||| RETREEEEATING.
 26558 | Spider:4 | 26558 ||| RETREEEEATING.
 26562 | Spider:4 | 26562 ||| FLEEEEING.
 26568 | Spider:4 | Reached skill level 26 in Dodging
 26835 | Spider:4 | 26835 ||| PLANNING VAULTS:1-4
 26835 | Spider:4 | 26835 ||| DROPPING +1 cloak of preservation.
 26836 | Spider:4 | 26836 ||| DROPPING scarf of invisibility.
 26837 | Spider:4 | 26837 ||| DROPPING scarf of resistance.
 26838 | Spider:4 | 26838 ||| DROPPING ring of flight.
 26839 | Spider:4 | 26839 ||| READING 13 scrolls of identify.
 26839 | Spider:4 | 26839 ||| IDENTIFYING sapphire potion
 26840 | Spider:4 | 26840 ||| DRINKING potion of experience.
 26840 | Spider:4 | Reached XP level 19. HP: 98/98 MP: 27/27
 26841 | Spider:4 | 26841 ||| DROPPING wand of mindburst (29).
 27068 | Vaults:1 | Entered Level 1 of the Vaults
 27100 | Vaults:1 | 27100 ||| INVOKING Finesse.
 27158 | Vaults:1 | Noticed Donald
 27159 | Vaults:1 | 27159 ||| INVOKING Finesse.
 27172 | Vaults:1 | Killed Donald
 27317 | Vaults:1 | 27317 ||| INVOKING Finesse.
 27394 | Vaults:1 | 27394 ||| INVOKING Finesse.
 27438 | Vaults:1 | Noticed Norris
 27439 | Vaults:1 | 27439 ||| RETREEEEATING.
 27440 | Vaults:1 | 27440 ||| INVOKING Finesse.
 27457 | Vaults:1 | Killed Norris
 27514 | Vaults:1 | 27514 ||| RETREEEEATING.
 27516 | Vaults:1 | 27516 ||| RETREEEEATING.
 27517 | Vaults:1 | 27517 ||| RETREEEEATING.
 27518 | Vaults:1 | 27518 ||| RETREEEEATING.
 27519 | Vaults:1 | 27519 ||| RETREEEEATING.
 27579 | Vaults:1 | Reached skill level 27 in Dodging
 27665 | Vaults:1 | 27665 ||| RETREEEEATING.
 27666 | Vaults:1 | 27666 ||| INVOKING Finesse.
 27770 | Vaults:1 | Received a gift from Okawaru
 28086 | Vaults:1 | 28086 ||| RETREEEEATING.
 28228 | Vaults:1 | Found Ziuci's Magic Scroll Emporium.
 28234 | Vaults:1 | 28234 ||| BUYING scroll of acquirement (884 gold).
 28234 | Vaults:1 | Bought a scroll of acquirement for 884 gold pieces
 28234 | Vaults:1 | 28234 ||| BUYING scroll of enchant armour (127 gold).
 28234 | Vaults:1 | Bought a scroll of enchant armour for 127 gold pieces
 28234 | Vaults:1 | 28234 ||| READING scroll of acquirement.
 28234 | Vaults:1 | 28234 ||| ACQUIRING +5 ring of evasion
 28234 | Vaults:1 | Acquired a +5 ring of evasion
 28236 | Vaults:1 | 28236 ||| DROPPING +4 ring of protection.
 28237 | Vaults:1 | 28237 ||| READING scroll of enchant armour.
 28237 | Vaults:1 | 28237 ||| ENCHANTING +2 troll leather armour {Snorg}.
 28444 | Vaults:1 | 28444 ||| DROPPING +2 robe of fire resistance.
 28445 | Vaults:1 | 28445 ||| DROPPING +4 ring of slaying {mikee}.
 28446 | Vaults:1 | 28446 ||| UPGRADING to +5 ring of evasion.
 28448 | Vaults:1 | 28448 ||| DROPPING ring of poison resistance.
 28503 | Vaults:2 | 28503 ||| RETREEEEATING.
 28504 | Vaults:2 | 28504 ||| RETREEEEATING.
 28505 | Vaults:2 | 28505 ||| RETREEEEATING.
 28506 | Vaults:2 | 28506 ||| RETREEEEATING.
 28507 | Vaults:2 | 28507 ||| RETREEEEATING.
 28509 | Vaults:2 | 28509 ||| RETREEEEATING.
 28512 | Vaults:2 | 28512 ||| RETREEEEATING.
 28573 | Vaults:2 | Identified the +7 long sword of Roexic {flame, rElec rN++
                  | Str-3 Int+2}
 28604 | Vaults:2 | Received a gift from Okawaru
 28709 | Vaults:2 | 28709 ||| RETREEEEATING.
 28710 | Vaults:2 | 28710 ||| RETREEEEATING.
 28711 | Vaults:2 | 28711 ||| RETREEEEATING.
 28712 | Vaults:2 | 28712 ||| RETREEEEATING.
 28713 | Vaults:2 | 28713 ||| RETREEEEATING.
 28717 | Vaults:2 | 28717 ||| RETREEEEATING.
 28718 | Vaults:2 | 28718 ||| RETREEEEATING.
 28719 | Vaults:2 | 28719 ||| RETREEEEATING.
 28720 | Vaults:2 | 28720 ||| RETREEEEATING.
 28721 | Vaults:2 | 28721 ||| RETREEEEATING.
 28722 | Vaults:2 | 28722 ||| RETREEEEATING.
 28725 | Vaults:2 | 28725 ||| RETREEEEATING.
 28726 | Vaults:2 | 28726 ||| RETREEEEATING.
 28730 | Vaults:2 | 28730 ||| RETREEEEATING.
 28731 | Vaults:2 | 28731 ||| RETREEEEATING.
 28735 | Vaults:2 | 28735 ||| RETREEEEATING.
 28736 | Vaults:2 | 28736 ||| RETREEEEATING.
 28737 | Vaults:2 | 28737 ||| RETREEEEATING.
 28738 | Vaults:2 | 28738 ||| RETREEEEATING.
 28739 | Vaults:2 | 28739 ||| RETREEEEATING.
 28740 | Vaults:2 | 28740 ||| RETREEEEATING.
 28741 | Vaults:2 | 28741 ||| RETREEEEATING.
 28742 | Vaults:2 | 28742 ||| RETREEEEATING.
 28743 | Vaults:2 | 28743 ||| RETREEEEATING.
 28745 | Vaults:2 | 28745 ||| RETREEEEATING.
 28746 | Vaults:2 | 28746 ||| RETREEEEATING.
 28748 | Vaults:2 | 28748 ||| RETREEEEATING.
 28752 | Vaults:2 | 28752 ||| RETREEEEATING.
 28753 | Vaults:2 | 28753 ||| RETREEEEATING.
 28754 | Vaults:2 | 28754 ||| RETREEEEATING.
 28755 | Vaults:2 | 28755 ||| RETREEEEATING.
 28758 | Vaults:2 | 28758 ||| RETREEEEATING.
 28760 | Vaults:2 | 28760 ||| RETREEEEATING.
 28761 | Vaults:2 | 28761 ||| RETREEEEATING.
 28762 | Vaults:2 | 28762 ||| RETREEEEATING.
 28763 | Vaults:2 | 28763 ||| RETREEEEATING.
 28867 | Vaults:2 | 28867 ||| INVOKING Finesse.
 29212 | Vaults:2 | 29212 ||| RETREEEEATING.
 29218 | Vaults:2 | 29218 ||| RETREEEEATING.
 29219 | Vaults:2 | 29219 ||| RETREEEEATING.
 29220 | Vaults:2 | 29220 ||| RETREEEEATING.
 29221 | Vaults:2 | 29221 ||| RETREEEEATING.
 29222 | Vaults:2 | 29222 ||| RETREEEEATING.
 29223 | Vaults:2 | 29223 ||| RETREEEEATING.
 29224 | Vaults:2 | 29224 ||| RETREEEEATING.
 29225 | Vaults:2 | 29225 ||| RETREEEEATING.
 29226 | Vaults:2 | 29226 ||| RETREEEEATING.
 29228 | Vaults:2 | 29228 ||| RETREEEEATING.
 29229 | Vaults:2 | 29229 ||| RETREEEEATING.
 29230 | Vaults:2 | 29230 ||| RETREEEEATING.
 29232 | Vaults:2 | 29232 ||| RETREEEEATING.
 29233 | Vaults:2 | 29233 ||| RETREEEEATING.
 29234 | Vaults:2 | 29234 ||| RETREEEEATING.
 29235 | Vaults:2 | 29235 ||| RETREEEEATING.
 29237 | Vaults:2 | 29237 ||| RETREEEEATING.
 29239 | Vaults:2 | 29239 ||| RETREEEEATING.
 29241 | Vaults:2 | 29241 ||| RETREEEEATING.
 29242 | Vaults:2 | 29242 ||| RETREEEEATING.
 29244 | Vaults:2 | 29244 ||| RETREEEEATING.
 29245 | Vaults:2 | 29245 ||| RETREEEEATING.
 29246 | Vaults:2 | 29246 ||| RETREEEEATING.
 29250 | Vaults:2 | Reached XP level 20. HP: 105/105 MP: 28/28
 29253 | Vaults:2 | 29253 ||| RETREEEEATING.
 29270 | Vaults:2 | Received a gift from Okawaru
 29398 | Vaults:2 | 29398 ||| RETREEEEATING.
 29401 | Vaults:2 | 29401 ||| RETREEEEATING.
 29402 | Vaults:2 | 29402 ||| RETREEEEATING.
 29403 | Vaults:2 | 29403 ||| RETREEEEATING.
 29405 | Vaults:2 | 29405 ||| RETREEEEATING.
 29409 | Vaults:2 | 29409 ||| RETREEEEATING.
 29410 | Vaults:2 | 29410 ||| RETREEEEATING.
 29411 | Vaults:2 | 29411 ||| RETREEEEATING.
 29412 | Vaults:2 | 29412 ||| RETREEEEATING.
 29413 | Vaults:2 | 29413 ||| RETREEEEATING.
 29414 | Vaults:2 | 29414 ||| RETREEEEATING.
 29418 | Vaults:2 | 29418 ||| RETREEEEATING.
 29419 | Vaults:2 | 29419 ||| RETREEEEATING.
 29636 | Vaults:2 | 29636 ||| RETREEEEATING.
 29647 | Vaults:2 | Reached skill level 24 in Ranged Weapons
 29650 | Vaults:2 | 29650 ||| ZAPPING wand of quicksilver (7) at 3,1 (arcanist;
                  | floor).
 29652 | Vaults:2 | 29652 ||| RETREEEEATING.
 29653 | Vaults:2 | 29653 ||| RETREEEEATING.
 29654 | Vaults:2 | 29654 ||| RETREEEEATING.
 29655 | Vaults:2 | 29655 ||| RETREEEEATING.
 29656 | Vaults:2 | 29656 ||| RETREEEEATING.
 29657 | Vaults:2 | 29657 ||| RETREEEEATING.
 29658 | Vaults:2 | 29658 ||| RETREEEEATING.
 29659 | Vaults:2 | 29659 ||| RETREEEEATING.
 29660 | Vaults:2 | 29660 ||| RETREEEEATING.
 29661 | Vaults:2 | 29661 ||| RETREEEEATING.
 29662 | Vaults:2 | 29662 ||| RETREEEEATING.
 29663 | Vaults:2 | 29663 ||| RETREEEEATING.
 29664 | Vaults:2 | 29664 ||| RETREEEEATING.
 29665 | Vaults:2 | 29665 ||| RETREEEEATING.
 29666 | Vaults:2 | 29666 ||| RETREEEEATING.
 29668 | Vaults:2 | 29668 ||| RETREEEEATING.
 29669 | Vaults:2 | 29669 ||| qw: Version: 0.3-a-155-g5e7d8dd
 29669 | Vaults:2 | 29669 ||| qw: Game counter: 2142
 29669 | Vaults:2 | 29669 ||| qw: Melee chars always use a shield: true
 29669 | Vaults:2 | 29669 ||| qw: Do Orc after clearing Dungeon:15 true
 29669 | Vaults:2 | 29669 ||| qw: Do second Lair branch before Depths: true
 29669 | Vaults:2 | 29669 ||| qw: Lair rune preference: random
 29669 | Vaults:2 | 29669 ||| qw: Goals: Normal
 29669 | Vaults:2 | 29669 ||| PLANNING VAULTS:1-4
 29670 | Vaults:2 | 29670 ||| RETREEEEATING.
 29671 | Vaults:2 | 29671 ||| RETREEEEATING.
 29672 | Vaults:2 | Received a gift from Okawaru
 29673 | Vaults:2 | 29673 ||| RETREEEEATING.
 29677 | Vaults:2 | 29677 ||| RETREEEEATING.
 29678 | Vaults:2 | 29678 ||| RETREEEEATING.
 29680 | Vaults:2 | 29680 ||| RETREEEEATING.
 29681 | Vaults:2 | 29681 ||| RETREEEEATING.
 29683 | Vaults:2 | 29683 ||| RETREEEEATING.
 29684 | Vaults:2 | 29684 ||| RETREEEEATING.
 29687 | Vaults:2 | 29687 ||| RETREEEEATING.
 29688 | Vaults:2 | 29688 ||| RETREEEEATING.
 29690 | Vaults:2 | 29690 ||| RETREEEEATING.
 29691 | Vaults:2 | 29691 ||| ZAPPING wand of quicksilver (6) at 6,-4
                  | (arcanist; floor).
 29692 | Vaults:2 | 29692 ||| RETREEEEATING.
 29839 | Vaults:2 | 29839 ||| RETREEEEATING.
 29840 | Vaults:2 | 29840 ||| RETREEEEATING.
 30139 | Vaults:3 | 30139 ||| STAIRDANCE
 30162 | Vaults:3 | 30162 ||| INVOKING Finesse.
 30203 | Vaults:3 | 30203 ||| RETREEEEATING.
 30208 | Vaults:3 | 30208 ||| RETREEEEATING.
 30209 | Vaults:3 | 30209 ||| RETREEEEATING.
 30210 | Vaults:3 | 30210 ||| RETREEEEATING.
 30211 | Vaults:3 | 30211 ||| RETREEEEATING.
 30212 | Vaults:3 | 30212 ||| RETREEEEATING.
 30213 | Vaults:3 | 30213 ||| RETREEEEATING.
 30221 | Vaults:3 | Reached skill level 12 in Fighting
 30493 | Vaults:3 | Reached skill level 3 in Armour
 30502 | Vaults:3 | Paralysed by a formless jellyfish for 1 turns
 30511 | Vaults:3 | Received a gift from Okawaru
 30598 | Vaults:3 | Noticed Bai Suzhen
 30599 | Vaults:3 | 30599 ||| INVOKING Finesse.
 30617 | Vaults:3 | Killed Bai Suzhen
 30722 | Vaults:3 | Noticed Mara
 30723 | Vaults:3 | 30723 ||| INVOKING Finesse.
 30729 | Vaults:3 | Noticed qw's illusion
 30734 | Vaults:3 | Killed Mara
 30855 | Vaults:3 | Noticed Xtahua
 30871 | Vaults:3 | Killed Xtahua
 30936 | Vaults:3 | Found a staircase to the Crypt.
 30965 | Vaults:3 | 30965 ||| RETREEEEATING.
 31483 | Vaults:4 | 31483 ||| RETREEEEATING.
 31485 | Vaults:4 | 31485 ||| RETREEEEATING.
 31486 | Vaults:4 | 31486 ||| RETREEEEATING.
 31487 | Vaults:4 | 31487 ||| RETREEEEATING.
 31489 | Vaults:4 | 31489 ||| RETREEEEATING.
 31491 | Vaults:4 | 31491 ||| RETREEEEATING.
 31493 | Vaults:4 | 31493 ||| RETREEEEATING.
 31527 | Vaults:4 | Found Tucrong's Weapon Shop.
 31705 | Vaults:4 | 31705 ||| RETREEEEATING.
 31711 | Vaults:4 | 31711 ||| RETREEEEATING.
 31715 | Vaults:4 | Received a gift from Okawaru
 31717 | Vaults:4 | 31717 ||| RETREEEEATING.
 31718 | Vaults:4 | 31718 ||| RETREEEEATING.
 31719 | Vaults:4 | 31719 ||| RETREEEEATING.
 31756 | Vaults:4 | 31756 ||| INVOKING Finesse.
 31808 | Vaults:4 | 31808 ||| INVOKING Finesse.
 31815 | Vaults:4 | Reached XP level 21. HP: 116/116 MP: 23/29
 31905 | Vaults:4 | 31905 ||| INVOKING Finesse.
 31989 | Vaults:4 | Reached skill level 15 in Fighting
 32045 | Vaults:4 | 32045 ||| INVOKING Finesse.
 32077 | Vaults:4 | Identified the +10 quarterstaff of Callousness {vamp, rF+
                  | Int-2 Stlth+}
 32167 | Vaults:4 | Received a gift from Okawaru
 32539 | Vaults:4 | 32539 ||| PLANNING SHOALS:4
 32937 | Shoals:4 | Entered Level 4 of the Shoals
 32960 | Shoals:4 | Noticed Polyphemus
 32961 | Shoals:4 | 32961 ||| RETREEEEATING.
 32962 | Shoals:4 | 32962 ||| Stepping ~*~*~tactically~*~*~ (cloud).
 32963 | Shoals:4 | 32963 ||| INVOKING Finesse.
 32979 | Shoals:4 | Killed Polyphemus
 33062 | Shoals:4 | Found a glowing silver altar of Zin.
 33074 | Shoals:4 | 33074 ||| RETREEEEATING.
 33075 | Shoals:4 | 33075 ||| INVOKING Finesse.
 33131 | Shoals:4 | Identified the +8 quarterstaff of Judgement {speed, Int+8
                  | Dex-5}
 33254 | Shoals:4 | Found a white marble altar of Elyvilon.
 33258 | Shoals:4 | 33258 ||| ZAPPING wand of quicksilver (9) at -4,-7 (angel;
                  | floor).
 33260 | Shoals:4 | 33260 ||| RETREEEEATING.
 33261 | Shoals:4 | 33261 ||| RETREEEEATING.
 33262 | Shoals:4 | 33262 ||| RETREEEEATING.
 33263 | Shoals:4 | 33263 ||| INVOKING Finesse.
 33276 | Shoals:4 | Received a gift from Okawaru
 33420 | Shoals:4 | Found a glowing golden altar of the Shining One.
 33439 | Shoals:4 | 33439 ||| RETREEEEATING.
 33480 | Shoals:4 | Identified the ring of Ucierokha {Fly EV+5}
 33595 | Shoals:4 | Got a barnacled rune of Zot
 33597 | Shoals:4 | Identified the ring "Duenluf" {Fly rN+ SInv}
 33599 | Shoals:4 | 33599 ||| PLANNING DEPTHS
 33599 | Shoals:4 | 33599 ||| UPGRADING to ring of Ucierokha {Fly EV+5}.
 33832 | Shoals:4 | 33832 ||| DROPPING ring "Duenluf" {Fly rN+ SInv}.
 33833 | Shoals:4 | 33833 ||| UPGRADING to +6 ring of dexterity.
 33835 | Shoals:4 | 33835 ||| DROPPING +5 ring of evasion.
 34079 | Depths:1 | Entered Level 1 of the Depths
 34086 | Depths:1 | 34086 ||| STAIRDANCE
 34302 | Depths:1 | 34302 ||| RETREEEEATING.
 34304 | Depths:1 | 34304 ||| RETREEEEATING.
 34338 | Depths:1 | Found a stormy altar of Qazlal.
 34439 | Depths:1 | Identified the +4 flail "Faeps" {flame, Stlth+}
 34580 | Depths:1 | Found a gateway to Hell.
 34588 | Depths:1 | 34588 ||| INVOKING Finesse.
 34811 | Depths:1 | 34811 ||| RETREEEEATING.
 34812 | Depths:1 | 34812 ||| RETREEEEATING.
 34813 | Depths:1 | 34813 ||| RETREEEEATING.
 34814 | Depths:1 | 34814 ||| RETREEEEATING.
 34961 | Depths:2 | 34961 ||| RETREEEEATING.
 34962 | Depths:2 | 34962 ||| RETREEEEATING.
 34968 | Depths:2 | 34968 ||| RETREEEEATING.
 34970 | Depths:2 | 34970 ||| RETREEEEATING.
 34971 | Depths:2 | 34971 ||| INVOKING Finesse.
 34985 | Depths:2 | Received a gift from Okawaru
 34989 | Depths:2 | Noticed a juggernaut
 34990 | Depths:2 | 34990 ||| RETREEEEATING.
 34992 | Depths:2 | 34992 ||| RETREEEEATING.
 35002 | Depths:2 | Killed a juggernaut
 35006 | Depths:2 | 35006 ||| RETREEEEATING.
 35007 | Depths:2 | 35007 ||| RETREEEEATING.
 35008 | Depths:2 | 35008 ||| RETREEEEATING.
 35009 | Depths:2 | 35009 ||| RETREEEEATING.
 35041 | Depths:2 | 35041 ||| RETREEEEATING.
 35042 | Depths:2 | 35042 ||| RETREEEEATING.
 35043 | Depths:2 | 35043 ||| INVOKING Finesse.
 35046 | Depths:2 | 35046 ||| RETREEEEATING.
 35054 | Depths:2 | Reached XP level 22. HP: 128/128 MP: 24/30
 35174 | Depths:2 | Found a sacrificial altar of Ru.
 35223 | Depths:2 | Reached skill level 18 in Fighting
 35256 | Depths:2 | 35256 ||| ZAPPING wand of quicksilver (13) at -4,3 (deep
                  | troll earth mage; floor).
 35276 | Depths:2 | Found a one-way gate leading to the halls of Pandemonium.
 35329 | Depths:2 | 35329 ||| RETREEEEATING.
 35336 | Depths:2 | Received a gift from Okawaru
 35345 | Depths:2 | 35345 ||| INVOKING Finesse.
 35346 | Depths:2 | 35346 ||| INVOKING Heroism.
 35355 | Depths:2 | 35355 ||| ZAPPING wand of quicksilver (12) at -2,1 (tengu
                  | reaver; floor).
 35356 | Depths:2 | 35356 ||| ZAPPING wand of quicksilver (11) at -2,1 (tengu
                  | reaver; floor).
 35506 | Depths:2 | Found the +5 Storm Queen's Shield {shock, Fly rElec}
 35543 | Depths:2 | 35543 ||| RETREEEEATING.
 35545 | Depths:2 | 35545 ||| ZAPPING wand of quicksilver (10) at -2,-2 (lich;
                  | floor).
 35548 | Depths:2 | 35548 ||| RETREEEEATING.
 35549 | Depths:2 | 35549 ||| INVOKING Finesse.
 35585 | Depths:2 | 35585 ||| INVOKING Heroism.
 35709 | Depths:2 | Noticed a juggernaut
 35710 | Depths:2 | 35710 ||| INVOKING Finesse.
 35721 | Depths:2 | Killed a juggernaut
 35756 | Depths:2 | 35756 ||| RETREEEEATING.
 35759 | Depths:2 | 35759 ||| RETREEEEATING.
 35760 | Depths:2 | 35760 ||| RETREEEEATING.
 35761 | Depths:2 | 35761 ||| RETREEEEATING.
 35762 | Depths:2 | 35762 ||| RETREEEEATING.
 35763 | Depths:2 | 35763 ||| RETREEEEATING.
 35764 | Depths:2 | 35764 ||| INVOKING Finesse.
 35765 | Depths:2 | 35765 ||| INVOKING Finesse.
 35973 | Depths:2 | 35973 ||| RETREEEEATING.
 35975 | Depths:2 | 35975 ||| RETREEEEATING.
 36030 | Depths:2 | Received a gift from Okawaru
 36178 | Depths:2 | Found a white marble altar of Elyvilon.
 36224 | Depths:2 | 36224 ||| INVOKING Finesse.
 36625 | Depths:3 | 36625 ||| RETREEEEATING.
 36628 | Depths:3 | 36628 ||| INVOKING Finesse.
 36720 | Depths:3 | 36720 ||| INVOKING Finesse.
 36755 | Depths:3 | 36755 ||| INVOKING Finesse.
 36824 | Depths:3 | 36824 ||| RETREEEEATING.
 36829 | Depths:3 | 36829 ||| RETREEEEATING.
 36830 | Depths:3 | 36830 ||| RETREEEEATING.
 36915 | Depths:3 | 36915 ||| RETREEEEATING.
 36948 | Depths:3 | Found a one-way gate to the infinite horrors of the Abyss.
 37006 | Depths:3 | Noticed a golden dragon
 37007 | Depths:3 | 37007 ||| INVOKING Finesse.
 37011 | Depths:3 | Killed a golden dragon
 37108 | Depths:3 | 37108 ||| INVOKING Heroism.
 37109 | Depths:3 | 37109 ||| DRINKING 11 potions of haste.
 37194 | Depths:3 | 37194 ||| RETREEEEATING.
 37195 | Depths:3 | 37195 ||| INVOKING Finesse.
 37196 | Depths:3 | 37196 ||| RETREEEEATING.
 37197 | Depths:3 | 37197 ||| RETREEEEATING.
 37198 | Depths:3 | 37198 ||| RETREEEEATING.
 37199 | Depths:3 | 37199 ||| RETREEEEATING.
 37200 | Depths:3 | 37200 ||| RETREEEEATING.
 37211 | Depths:3 | 37211 ||| ZAPPING wand of quicksilver (9) at 6,6 (death
                  | yak; open_door).
 37212 | Depths:3 | 37212 ||| ZAPPING wand of quicksilver (8) at 4,4 (death
                  | yak; floor).
 37213 | Depths:3 | 37213 ||| INVOKING Heroism.
 37214 | Depths:3 | 37214 ||| RETREEEEATING.
 37215 | Depths:3 | 37215 ||| RETREEEEATING.
 37216 | Depths:3 | 37216 ||| RETREEEEATING.
 37217 | Depths:3 | 37217 ||| RETREEEEATING.
 37218 | Depths:3 | 37218 ||| RETREEEEATING.
 37219 | Depths:3 | 37219 ||| RETREEEEATING.
 37220 | Depths:3 | 37220 ||| RETREEEEATING.
 37221 | Depths:3 | 37221 ||| RETREEEEATING.
 37222 | Depths:3 | 37222 ||| RETREEEEATING.
 37223 | Depths:3 | 37223 ||| RETREEEEATING.
 37224 | Depths:3 | 37224 ||| RETREEEEATING.
 37225 | Depths:3 | 37225 ||| RETREEEEATING.
 37226 | Depths:3 | 37226 ||| RETREEEEATING.
 37227 | Depths:3 | 37227 ||| RETREEEEATING.
 37228 | Depths:3 | 37228 ||| RETREEEEATING.
 37229 | Depths:3 | 37229 ||| RETREEEEATING.
 37230 | Depths:3 | 37230 ||| RETREEEEATING.
 37231 | Depths:3 | 37231 ||| ZAPPING wand of quicksilver (7) at 1,-6 (death
                  | yak; open_door).
 37232 | Depths:3 | 37232 ||| ZAPPING wand of quicksilver (6) at 1,-4 (death
                  | yak; floor).
 37235 | Depths:3 | 37235 ||| RETREEEEATING.
 37240 | Depths:3 | 37240 ||| FLEEEEING.
 37241 | Depths:3 | 37241 ||| FLEEEEING.
 37242 | Depths:3 | 37242 ||| FLEEEEING.
 37243 | Depths:3 | 37243 ||| FLEEEEING.
 37244 | Depths:3 | 37244 ||| FLEEEEING.
 37245 | Depths:3 | 37245 ||| FLEEEEING.
 37246 | Depths:3 | 37246 ||| FLEEEEING.
 37248 | Depths:3 | 37248 ||| FLEEEEING.
 37249 | Depths:3 | 37249 ||| FLEEEEING.
 37251 | Depths:3 | 37251 ||| FLEEEEING.
 37252 | Depths:3 | 37252 ||| FLEEEEING.
 37253 | Depths:3 | 37253 ||| FLEEEEING.
 37254 | Depths:3 | 37254 ||| FLEEEEING.
 37254 | Depths:3 | HP: 29/133 [spriggan air mage/the air (25)]
 37255 | Depths:3 | 37255 ||| READING 13 scrolls of teleportation.
 37256 | Depths:3 | 37256 ||| DRINKING 10 potions of heal wounds.
 37257 | Depths:3 | 37257 ||| FLEEEEING.
 37258 | Depths:3 | 37258 ||| FLEEEEING.
 37510 | Depths:3 | 37510 ||| INVOKING Heroism.
 37511 | Depths:3 | 37511 ||| DRINKING 10 potions of haste.
 37672 | Depths:3 | Reached skill level 6 in Armour
 37755 | Depths:3 | 37755 ||| RETREEEEATING.
 37756 | Depths:3 | 37756 ||| RETREEEEATING.
 37757 | Depths:3 | 37757 ||| INVOKING Finesse.
 37758 | Depths:3 | 37758 ||| INVOKING Heroism.
 37989 | Depths:3 | Reached XP level 23. HP: 126/137 MP: 31/31
 38070 | Depths:3 | 38070 ||| ZAPPING wand of quicksilver (5) at -4,-4 (lich;
                  | floor).
 38071 | Depths:3 | 38071 ||| ZAPPING wand of quicksilver (4) at -4,-3 (lich;
                  | floor).
 38072 | Depths:3 | 38072 ||| INVOKING Finesse.
 38132 | Depths:3 | Found a snail-covered altar of Cheibriados.
 38247 | Depths:4 | Entered Level 4 of the Depths
 38333 | Depths:4 | Noticed a caustic shrike
 38334 | Depths:4 | 38334 ||| ZAPPING wand of quicksilver (3) at -7,3 (caustic
                  | shrike; floor).
 38335 | Depths:4 | 38335 ||| INVOKING Finesse.
 38335 | Depths:4 | Noticed a caustic shrike
 38338 | Depths:4 | Noticed a caustic shrike
 38339 | Depths:4 | 38339 ||| RETREEEEATING.
 38340 | Depths:4 | 38340 ||| RETREEEEATING.
 38341 | Depths:4 | 38341 ||| RETREEEEATING.
 38342 | Depths:4 | 38342 ||| RETREEEEATING.
 38346 | Depths:4 | Killed a caustic shrike
 38351 | Depths:4 | Killed a caustic shrike
 38353 | Depths:4 | Killed a caustic shrike
 38575 | Depths:4 | Found a sparkling altar of Nemelex Xobeh.
 38589 | Depths:4 | Noticed a caustic shrike
 38589 | Depths:4 | Noticed a caustic shrike
 38589 | Depths:4 | Noticed a caustic shrike
 38589 | Depths:4 | Noticed a caustic shrike
 38590 | Depths:4 | 38590 ||| RETREEEEATING.
 38592 | Depths:4 | 38592 ||| RETREEEEATING.
 38594 | Depths:4 | 38594 ||| RETREEEEATING.
 38596 | Depths:4 | 38596 ||| RETREEEEATING.
 38597 | Depths:4 | 38597 ||| INVOKING Finesse.
 38604 | Depths:4 | Killed a caustic shrike
 38615 | Depths:4 | Killed a caustic shrike
 38616 | Depths:4 | Reached skill level 21 in Fighting
 38616 | Depths:4 | Killed a caustic shrike
 38617 | Depths:4 | HP: 33/140 [acid (9)]
 38618 | Depths:4 | 38618 ||| READING 12 scrolls of teleportation.
 38619 | Depths:4 | 38619 ||| DRINKING 10 potions of heal wounds.
 38622 | Depths:4 | Killed a caustic shrike
 38788 | Depths:4 | Found a one-way gateway to a ziggurat.
 38828 | Depths:4 | Found a hazy altar of Hepliaklqana.
 38992 | Depths:4 | 38992 ||| RETREEEEATING.
 38995 | Depths:4 | 38995 ||| RETREEEEATING.
 38998 | Depths:4 | 38998 ||| RETREEEEATING.
 38999 | Depths:4 | 38999 ||| RETREEEEATING.
 39000 | Depths:4 | 39000 ||| RETREEEEATING.
 39002 | Depths:4 | 39002 ||| RETREEEEATING.
 39003 | Depths:4 | 39003 ||| RETREEEEATING.
 39005 | Depths:4 | 39005 ||| RETREEEEATING.
 39006 | Depths:4 | 39006 ||| RETREEEEATING.
 39007 | Depths:4 | 39007 ||| RETREEEEATING.
 39008 | Depths:4 | 39008 ||| RETREEEEATING.
 39010 | Depths:4 | 39010 ||| RETREEEEATING.
 39011 | Depths:4 | 39011 ||| RETREEEEATING.
 39013 | Depths:4 | 39013 ||| RETREEEEATING.
 39014 | Depths:4 | 39014 ||| RETREEEEATING.
 39017 | Depths:4 | 39017 ||| RETREEEEATING.
 39018 | Depths:4 | 39018 ||| RETREEEEATING.
 39021 | Depths:4 | 39021 ||| RETREEEEATING.
 39029 | Depths:4 | 39029 ||| INVOKING Finesse.
 39155 | Depths:4 | Found a gate to the Realm of Zot.
 39291 | Depths:4 | 39291 ||| PLANNING VAULTS:5
 39611 | Vaults:5 | Entered Level 5 of the Vaults
 39611 | Vaults:5 | Found the +10 Black Knight's barding {ponderous, rPois rN+}
 39639 | Vaults:5 | Noticed a dread lich
 39640 | Vaults:5 | 39640 ||| INVOKING Finesse.
 39660 | Vaults:5 | 39660 ||| INVOKING Heroism.
 39665 | Vaults:5 | Killed a dread lich
 39697 | Vaults:5 | 39697 ||| READING 11 scrolls of teleportation.
 39705 | Vaults:5 | 39705 ||| INVOKING Finesse.
 39714 | Vaults:5 | HP: 26/141 [sphinx/divine providence (11)]
 39715 | Vaults:5 | 39715 ||| READING 10 scrolls of teleportation.
 39716 | Vaults:5 | 39716 ||| DRINKING 11 potions of heal wounds.
 39897 | Vaults:5 | 39897 ||| RETREEEEATING.
 39899 | Vaults:5 | 39899 ||| RETREEEEATING.
 39903 | Vaults:5 | 39903 ||| RETREEEEATING.
 39909 | Vaults:5 | 39909 ||| RETREEEEATING.
 39948 | Vaults:5 | Received a gift from Okawaru
 39981 | Vaults:5 | HP: 29/142 [titan (44)]
 39982 | Vaults:5 | 39982 ||| READING 9 scrolls of teleportation.
 39983 | Vaults:5 | 39983 ||| DRINKING 10 potions of heal wounds.
 39984 | Vaults:5 | Noticed an ancient lich
 39985 | Vaults:5 | 39985 ||| INVOKING Finesse.
 39990 | Vaults:5 | HP: 34/142 [iron troll (15)]
 39991 | Vaults:5 | 39991 ||| READING 8 scrolls of teleportation.
 39994 | Vaults:5 | 39994 ||| DRINKING 9 potions of heal wounds.
 40022 | Vaults:5 | 40022 ||| RETREEEEATING.
 40028 | Vaults:5 | 40028 ||| RETREEEEATING.
 40029 | Vaults:5 | 40029 ||| RETREEEEATING.
 40036 | Vaults:5 | 40036 ||| INVOKING Finesse.
 40093 | Vaults:5 | HP: 33/142 [vault guard/+1 halberd (19)]
 40094 | Vaults:5 | 40094 ||| READING 7 scrolls of teleportation.
 40095 | Vaults:5 | 40095 ||| DRINKING 8 potions of heal wounds.
 40183 | Vaults:5 | Received a gift from Okawaru
 40233 | Vaults:5 | 40233 ||| RETREEEEATING.
 40235 | Vaults:5 | 40235 ||| RETREEEEATING.
 40236 | Vaults:5 | 40236 ||| RETREEEEATING.
 40237 | Vaults:5 | 40237 ||| RETREEEEATING.
 40238 | Vaults:5 | 40238 ||| RETREEEEATING.
 40239 | Vaults:5 | 40239 ||| RETREEEEATING.
 40246 | Vaults:5 | 40246 ||| INVOKING Finesse.
 40252 | Vaults:5 | Identified the +7 hand axe "Anathi" {protect, Fly rPois
                  | Int-3}
 40258 | Vaults:5 | Reached XP level 24. HP: 149/149 MP: 27/31
 40487 | Vaults:5 | 40487 ||| RETREEEEATING.
 40490 | Vaults:5 | 40490 ||| RETREEEEATING.
 40495 | Vaults:5 | 40495 ||| RETREEEEATING.
 40496 | Vaults:5 | 40496 ||| RETREEEEATING.
 40497 | Vaults:5 | 40497 ||| RETREEEEATING.
 40498 | Vaults:5 | 40498 ||| RETREEEEATING.
 40499 | Vaults:5 | 40499 ||| RETREEEEATING.
 40500 | Vaults:5 | 40500 ||| RETREEEEATING.
 40501 | Vaults:5 | 40501 ||| RETREEEEATING.
 40613 | Vaults:5 | 40613 ||| RETREEEEATING.
 40615 | Vaults:5 | 40615 ||| RETREEEEATING.
 40616 | Vaults:5 | 40616 ||| RETREEEEATING.
 40617 | Vaults:5 | 40617 ||| RETREEEEATING.
 40618 | Vaults:5 | 40618 ||| RETREEEEATING.
 40619 | Vaults:5 | 40619 ||| RETREEEEATING.
 40620 | Vaults:5 | 40620 ||| RETREEEEATING.
 40623 | Vaults:5 | 40623 ||| RETREEEEATING.
 40629 | Vaults:5 | 40629 ||| RETREEEEATING.
 40630 | Vaults:5 | 40630 ||| RETREEEEATING.
 40631 | Vaults:5 | 40631 ||| RETREEEEATING.
 40632 | Vaults:5 | 40632 ||| RETREEEEATING.
 40633 | Vaults:5 | 40633 ||| RETREEEEATING.
 40635 | Vaults:5 | 40635 ||| RETREEEEATING.
 40637 | Vaults:5 | 40637 ||| RETREEEEATING.
 40639 | Vaults:5 | 40639 ||| RETREEEEATING.
 40806 | Vaults:5 | 40806 ||| ZAPPING wand of quicksilver (8) at 7,0 (ancient
                  | lich; floor).
 40807 | Vaults:5 | 40807 ||| ZAPPING wand of quicksilver (7) at 7,0 (ancient
                  | lich; floor).
 40808 | Vaults:5 | 40808 ||| ZAPPING wand of quicksilver (6) at 6,0 (ancient
                  | lich; floor).
 40809 | Vaults:5 | 40809 ||| ZAPPING wand of quicksilver (5) at 5,0 (ancient
                  | lich; floor).
 40810 | Vaults:5 | 40810 ||| ZAPPING wand of quicksilver (4) at 4,0 (ancient
                  | lich; floor).
 40811 | Vaults:5 | 40811 ||| ZAPPING wand of quicksilver (3) at 4,0 (ancient
                  | lich; floor).
 40812 | Vaults:5 | 40812 ||| ZAPPING wand of quicksilver (2) at 3,0 (ancient
                  | lich; floor).
 40813 | Vaults:5 | 40813 ||| ZAPPING wand of quicksilver (1) at 2,0 (ancient
                  | lich; floor).
 40814 | Vaults:5 | 40814 ||| INVOKING Finesse.
 40820 | Vaults:5 | Killed an ancient lich
 40866 | Vaults:5 | Got a silver rune of Zot
 41159 | Vaults:5 | 41159 ||| PLANNING SHOPPING SPREE
 41159 | Vaults:5 | 41159 ||| UPGRADING to amulet of faith.
 41169 | Vaults:5 | 41169 ||| DROPPING ring of fire.
 41170 | Vaults:5 | 41170 ||| PLANNING ZOT:1-4
 41533 | Zot:1    | Entered Level 1 of the Realm of Zot
 41534 | Zot:1    | 41534 ||| ZAPPING wand of digging (18) at 3,2 (white
                  | draconian stormcaller; floor).
 41535 | Zot:1    | 41535 ||| ZAPPING wand of digging (17) at 3,-4 (white
                  | draconian stormcaller; floor).
 41536 | Zot:1    | 41536 ||| STAIRDANCE
 41544 | Depths:4 | Received a gift from Okawaru
 41609 | Zot:1    | 41609 ||| RETREEEEATING.
 41610 | Zot:1    | 41610 ||| RETREEEEATING.
 41611 | Zot:1    | 41611 ||| RETREEEEATING.
 41612 | Zot:1    | 41612 ||| RETREEEEATING.
 41613 | Zot:1    | 41613 ||| RETREEEEATING.
 41614 | Zot:1    | 41614 ||| RETREEEEATING.
 41615 | Zot:1    | 41615 ||| RETREEEEATING.
 41616 | Zot:1    | 41616 ||| ZAPPING wand of digging (16) at -6,3 (white
                  | draconian stormcaller; floor).
 41617 | Zot:1    | 41617 ||| ZAPPING wand of digging (15) at -6,-3 (white
                  | draconian stormcaller; floor).
 41618 | Zot:1    | 41618 ||| DRINKING 3 potions of resistance.
 41619 | Zot:1    | 41619 ||| RETREEEEATING.
 41620 | Zot:1    | 41620 ||| RETREEEEATING.
 41621 | Zot:1    | 41621 ||| RETREEEEATING.
 41622 | Zot:1    | 41622 ||| RETREEEEATING.
 41623 | Zot:1    | 41623 ||| RETREEEEATING.
 41624 | Zot:1    | 41624 ||| RETREEEEATING.
 41625 | Zot:1    | 41625 ||| RETREEEEATING.
 41626 | Zot:1    | 41626 ||| RETREEEEATING.
 41627 | Zot:1    | 41627 ||| RETREEEEATING.
 41627 | Zot:1    | HP: 24/150 [white draconian stormcaller (30)]
 41628 | Zot:1    | 41628 ||| READING 6 scrolls of teleportation.
 41629 | Zot:1    | 41629 ||| DRINKING 8 potions of heal wounds.
 41631 | Zot:1    | 41631 ||| DRINKING 7 potions of heal wounds.
 41632 | Zot:1    | HP: 27/150 [black draconian knight/+1 halberd of flaming
                  | (25)]
 41633 | Zot:1    | 41633 ||| DRINKING 6 potions of heal wounds.
 41633 | Zot:1    | Slain by a black draconian

Levels and vault maps discovered:
D:1:      giann_horns, layout_basic, eino_curves_03
D:2:      layout_loops_ring, shapermc_ecumenical_altar_rom_forum, basic_altar,
          uniq_sigmund
D:3:      layout_rooms, minmay_starry_boxes
D:4:      layout_gridville, mainiacjoe_overflow_concentric_impassable
D:5:      layout_gridville, fedhas_altar_fruit_tree, mainiacjoe_overflow_paths,
          minmay_temple_entry_drinking_statues, serial_shops, shop
D:6:      layout_basic, nicolae_yredelemnul_corpse_copse, dk_xom_monty_hall
D:7:      layout_rooms
D:8:      layout_basic, nicolae_dithmenos_through_a_glass_darkly,
          nicolae_take_the_stairs, uniq_maggie, uniq_maurice, uniq_erica
D:9:      minmay_polygon_palace, layout_irregular_city, enter_bailey_5
D:10:     layout_gridville, mainiacjoe_overflow_surrounded_room,
          mainiacjoe_overflow_catch_the_wave, uniq_grum
D:11:     layout_basic, lair_entry_dummy, hiddenorc1_lemuel, chei_slow_surprise
D:12:     layout_roguey, uniq_psyche, uniq_jorgrun
D:13:     layout_grid_maze, david_vaults_1, gauntlet_entry_generic,
          nicolae_wu_jian_wuxing_cycle
D:14:     layout_small_grid
D:15:     hangedman_depths_entry_civil_slaughter, layout_basic, bloody_makhleb,
          gammafunk_ghost_cemetery
Lair:1:   hellmonk_destroyed_diamonds, layout_cellular_growth, uniq_sonja
Lair:2:   layout_chaotic_city, lemuel_oklob_altar, lemuel_fruit_tree,
          infiniplex_staircase_pool_2
Lair:3:   layout_gridlike, elwin_shoals_entry_rocks, dummy_spider_entry,
          nzn_ghost_randoct, uniq_urug
Lair:4:   layout_regular_city, slime_entry_1, grunt_forest_large_clearing_hut,
          infiniplex_staircase_pool, uniq_rupert
Lair:5:   hangedman_lair_tendril_chambers, layout_regular_city,
          hangedman_lair_caniforms_friends, uniq_snorg
Shoals:1: layout_shoals, nicolae_shoals_c_island, uniq_roxanne, uniq_nikola
Shoals:2: layout_shoals, nicolae_shoals_hunting_party
Shoals:3: layout_shoals, serial_shops, bzr_firewalk,
          portal_ice_cave_entry_pillars_1, st_shoals_ruin
Shoals:4: shoals_end_hellmonk_holy_island, uniq_polyphemus
Spider:1: layout_cave_pods, uniq_asterion
Spider:2: layout_spider_delve, hellmonk_ghost_happy_afterlife, uniq_arachne
Spider:3: layout_chambers
Spider:4: spider_rune_water, hangedman_stitches_earthworm
Orc:1:    layout_caves
Orc:2:    grunt_orc_community_town_hall, layout_caves,
          grunt_orc_community_big_house_2, grunt_orc_community_big_house_1,
          grunt_orc_community_house_3, grunt_orc_community_house_1,
          grunt_orc_community_house_1, grunt_orc_community_house_1,
          nicolae_orc_rich_vein
Vaults:1: nicolae_vaults_know_your_exits, nicolae_vaults_storage_closets_1,
          hangedman_vaults_locks, nicolae_vaults_puzzle_piece, v_misc_24,
          nicolae_vaults_closet_pinwheel_6, nicolae_vaults_storage_room_water,
          vaults_mumra_chevron_long, nicolae_vaults_more_shelving_1,
          nicolae_vaults_angled_halls, v_misc_9, grunt_vaults_hallway_short,
          vaults_room_door_ring, layout_vaults_ring, serial_shops,
          nicolae_shop_rolling_square, uniq_donald, uniq_norris
Vaults:2: nicolae_vaults_network_quincunx
          [nicolae_vaults_network_quincunx_subvault,
          nicolae_vaults_network_quincunx_subvault,
          nicolae_vaults_network_quincunx_subvault,
          nicolae_vaults_network_quincunx_subvault,
          nicolae_vaults_network_quincunx_subvault], nicolae_vaults_wine_cellar,
          hangedman_vaults_capsules, v_misc_5, nicolae_vaults_network_periphery,
          ontoclasm_vaults_gallery, nicolae_vaults_tetromino_T_2,
          layout_vaults_omnigrid
Vaults:3: v_pattern_4, nicolae_vaults_little_guard_posts,
          minmay_crypt_entry_nasty_monster, ontoclasm_vaults_idyll,
          hangedman_vaults_cutoff, vaults_room_fancy_cross,
          hangedman_vaults_corner, nicolae_vaults_three_branches,
          vaults_mumra_chevron, vaults_room_door_ring, v_misc_18,
          ontoclasm_vaults_shuriken, grunt_vaults_focal,
          nicolae_vaults_trapezoid_1, layout_vaults_big_room, uniq_mara,
          uniq_bai_suzhen, uniq_xtahua
Vaults:4: v_misc_26, nicolae_vaults_mush_room, nicolae_vaults_little_squares_6,
          v_misc_11, dpeg_vaults_monster_box,
          nicolae_vaults_taking_the_gang_shopping, vaults_dpeg_cross,
          nicolae_vaults_network_quinsquares
          [nicolae_vaults_network_quincunx_subvault,
          nicolae_vaults_network_quincunx_subvault,
          nicolae_vaults_network_quincunx_subvault,
          nicolae_vaults_network_quincunx_subvault], nicolae_vaults_house_3,
          nicolae_vaults_little_squares_3, vaults_mumra_lcd,
          nicolae_vaults_rhombus_6, nicolae_vaults_bisected_slash,
          layout_vaults_omnicross
Vaults:5: uniq_margery
Depths:1: layout_gridville, grunt_mini_vestibule,
          nicolae_qazlal_general_emergency, minmay_misc_feat_secret_circle,
          feat_on_display
Depths:2: minmay_the_grid_octo_tiled_octocenter [minmay_the_grid_octo_odd_swirl,
          minmay_the_grid_octo_clover_2, minmay_the_grid_octo_checkerflower,
          minmay_the_grid_octo_horde, minmay_the_grid_octo_prize_star,
          minmay_the_grid_square_5x5_percent, minmay_the_grid_square_5x5_plus,
          minmay_the_grid_square_5x5_three_walls,
          minmay_the_grid_square_5x5_intrusive_squares], layout_honeycomb,
          nicolae_ru_path_of_blood, pan_entry, hell_entry,
          amcnicky_mini_corridor_feature, nicolae_elyvilon_peaceful_grove
Depths:3: pf_snail_temple, layout_basic, serial_curves, eino_curves_01,
          eino_curves_03, minmay_room_of_horrors, minmay_misc_feat_more_columns,
          hell_entry, minmay_misc_feat_rugged
Depths:4: grunt_bruiser_brothers, layout_gridlike, enter_ziggurat_e, hell_entry,
          nicolae_hepliaklqana_hazy_memory, nemelex_spade_bored_becter
Zot:1:    lemuel_draconian_sentries, layout_gridlike, zot_minivault_4,
          grunt_megastairs_2, uniq_grunn, uniq_josephina

Skill      XL: |  1  2  3  4  5  6  7  8  9 10 11 12 13 14 15 16 17 18 19 20 21 22 23 24 |
---------------+-------------------------------------------------------------------------+-----
Dodging        | 3 4 6 9 11 13 14 16 18 19 22 24 25 26 27 | 27.0
Ranged Weapons | 6 9 10 12 13 14 16 18 19 20 21 23 24 | 24.0
Fighting       | 2 3 4 5 6 7 8 9 10 11 14 17 20 22 23 | 23.5
Invocations    | 4 8 10 | 10.0
Armour         | 1 2 3 4 6 7 |  7.0
Stealth        | |  1.5

Action                     |  1- 3 |  4- 6 |  7- 9 | 10-12 | 13-15 | 16-18 | 19-21 | 22-24 || total
---------------------------+-------+-------+-------+-------+-------+-------+-------+-------++-------
   Fire: Shortbow          |    88 |    66 |   254 |   318 |       |       |       |       ||   726
         Orcbow            |       |       |       |   433 |    68 |       |       |       ||   501
         Arbalest          |       |       |       |       |   583 |       |       |       ||   583
         Hand cannon       |       |       |       |       |   541 |   883 |  1482 |  1350 ||  4256
 Invoke: Heroism           |       |       |     2 |     2 |     4 |     2 |       |     7 ||    17
         Finesse           |       |       |       |     8 |    10 |    17 |    20 |    21 ||    76
         Receive Weapon    |       |       |       |       |     1 |       |       |       ||     1
         Receive Armour    |       |       |       |       |     1 |       |       |       ||     1
  Evoke: Wand              |       |       |       |       |     1 |     5 |     3 |    23 ||    32
    Use: Scroll            |     3 |     5 |     7 |    14 |     9 |     2 |     2 |     8 ||    50
         Potion            |       |     2 |     4 |     3 |     1 |     3 |       |    12 ||    25
 Armour: Robe              |     3 |     2 |    15 |    11 |       |       |       |       ||    31
         Acid dragon scale |       |       |       |    19 |       |       |       |       ||    19
         Troll leather arm |       |       |       |    48 |   111 |   110 |   129 |   164 ||   562
  Dodge: Dodged            |    22 |    11 |   106 |   386 |   870 |   946 |  1193 |  1089 ||  4623

Table legend:
 A = Non-vault XP
 B = Vault XP
 C = Vault XP percentage of total XP
 D = Non-vault monster count
 E = Vault monster count
 F = Vault count percentage of total count
                 A         B        C        D         E       F
            +---------+---------+-------+---------+---------+-------
      Total |  503303 |  457991 |  47.6 |    1139 |     698 |  38.0
            +---------+---------+-------+---------+---------+-------
        D:1 |      44 |       0 |   0.0 |      25 |       0 |   0.0
        D:2 |      60 |     243 |  80.2 |      13 |       1 |   7.1
        D:3 |      16 |      20 |  55.6 |      10 |       5 |  33.3
        D:4 |     377 |       0 |   0.0 |      18 |       0 |   0.0
        D:5 |    1640 |       0 |   0.0 |      32 |       0 |   0.0
        D:6 |    1031 |     437 |  29.8 |      16 |       8 |  33.3
        D:7 |    1214 |       0 |   0.0 |      19 |       0 |   0.0
        D:8 |    2307 |    1749 |  43.1 |      32 |       3 |   8.6
        D:9 |    6102 |    2630 |  30.1 |      52 |      22 |  29.7
       D:10 |    1624 |     194 |  10.7 |      12 |       1 |   7.7
       D:11 |    5937 |     316 |   5.1 |      34 |      17 |  33.3
       D:12 |    7567 |    2144 |  22.1 |      20 |       2 |   9.1
       D:13 |    3825 |    3134 |  45.0 |       8 |       6 |  42.9
       D:14 |    6222 |       0 |   0.0 |      18 |       0 |   0.0
       D:15 |    7653 |    3664 |  32.4 |      17 |       5 |  22.7
     Lair:1 |    2211 |     772 |  25.9 |      11 |       1 |   8.3
     Lair:2 |    9325 |     527 |   5.3 |      29 |       1 |   3.3
     Lair:3 |    4913 |     784 |  13.8 |      12 |       1 |   7.7
     Lair:4 |    5476 |    3144 |  36.5 |      19 |       4 |  17.4
     Lair:5 |    9845 |   22379 |  69.4 |      40 |      97 |  70.8
   Shoals:1 |   22016 |    3850 |  14.9 |      38 |       2 |   5.0
   Shoals:2 |   18691 |    1832 |   8.9 |      36 |       2 |   5.3
   Shoals:3 |    6350 |    4970 |  43.9 |      12 |       8 |  40.0
   Shoals:4 |    4648 |   34572 |  88.1 |      12 |      49 |  80.3
   Spider:1 |   21116 |    1689 |   7.4 |      52 |       1 |   1.9
   Spider:2 |   16225 |    2044 |  11.2 |      43 |       1 |   2.3
   Spider:3 |   15401 |       0 |   0.0 |      40 |       0 |   0.0
   Spider:4 |   11212 |   27085 |  70.7 |      22 |      48 |  68.6
      Orc:1 |    5994 |       0 |   0.0 |      46 |       0 |   0.0
      Orc:2 |    4220 |    4976 |  54.1 |      37 |      66 |  64.1
   Vaults:1 |   31549 |   31701 |  50.1 |      45 |      39 |  46.4
   Vaults:2 |   41978 |   23029 |  35.4 |      59 |      32 |  35.2
   Vaults:3 |   22705 |   28874 |  56.0 |      32 |      24 |  42.9
   Vaults:4 |   36763 |   18778 |  33.8 |      49 |      22 |  31.0
   Vaults:5 |   36036 |  101444 |  73.8 |      49 |      92 |  65.2
   Depths:1 |   21405 |    6058 |  22.1 |      24 |       5 |  17.2
   Depths:2 |   35821 |   55202 |  60.6 |      41 |      47 |  53.4
   Depths:3 |   37950 |   45280 |  54.4 |      39 |      54 |  58.1
   Depths:4 |   35834 |   16003 |  30.9 |      26 |      16 |  38.1
   Gauntlet |       0 |    8467 | 100.0 |       0 |      16 | 100.0
            +---------+---------+-------+---------+---------+-------
